 Dungeon Crawl Stone Soup version 0.17.2 (webtiles) character file.

2186513 aredel the Acrobat (level 27, 228/228 HPs)
             Began as a Mummy Fighter on June 19, 2016.
             Escaped with the Orb
             ... and 5 runes on June 23, 2016!
             The game lasted 17:13:23 (166783 turns).

aredel the Acrobat (Mummy Fighter)                Turns: 166783, Time: 17:13:23

Health: 228/228    AC: 43    Str: 37    XL:     27
Magic:  45/45      EV: 20    Int: 15    God:    Xom [.*....]
Gold:   3861       SH: 32    Dex: 15    Spells: 2 memorised, 49 levels left

rFire  + + .     SeeInvis +     T - +9 broad axe (venom)
rCold  + + .     Clarity  +     B - +11 gold dragon armour
rNeg   + + +     SustAt   .     k - +7 large shield "Onibuts" {Str+5}
rPois  ∞         Gourm    .     I - +0 hat "Ysko" {Str+4 SInv}
rElec  +         Spirit   .     Q - +2 cloak {rPois}
rCorr  .         Warding  .     H - +2 pair of gloves {Str+3}
rMut   .         Stasis   .     R - +0 pair of boots of the Swamp {rC++}
MR     +++++                    p - amulet "Kiheob" {Clar +Fly rElec rPois rC-}
Stlth  ..........               G - ring of Maloshrum {Fire MR++ Int+4 Stlth+}
                                F - ring of protection from fire

@: almost entirely resistant to hostile enchantments, extremely unstealthy
A: no food or potions, fire vulnerability, cold resistance 1, negative energy
resistance 3, torment resistance, unbreathing, in touch with death 2, restore
body
a: Self-Restoration, Renounce Religion, Evoke Flight
0: Orb of Zot
}: 5/15 runes: serpentine, barnacled, slimy, silver, icy


You escaped.
You worshipped Xom.
You were a plaything of Xom.
You were not hungry.

You visited 15 branches of the dungeon, and saw 72 of its levels.
You visited 2 bazaars.
You also visited: Ice Cave and Wizlab.

You collected 12151 gold pieces.
You spent 8290 gold pieces at shops.

Inventory:

Hand Weapons
 s - a +5 trident of protection
 T - a +9 broad axe of venom (weapon)
Armour
 k - the +7 large shield "Onibuts" (worn) {Str+5}
   (You acquired it on level 1 of the Lair of Beasts)

   It affects your strength (+5).
 B - a +11 gold dragon armour (worn)
 H - a +2 pair of gloves of strength (worn)
 I - the +0 hat "Ysko" (worn) {Str+4 SInv}
   (You acquired it on level 5 of the Vaults)

   It affects your strength (+4).
   It lets you see invisible.
 Q - a +2 cloak of poison resistance (worn)
 R - the +0 pair of boots of the Swamp (worn) {rC++}
   (You acquired it on level 4 of the Orcish Mines)

   It greatly protects you from cold.
Rods
 e - a cursed +2 rod of clouds (14/14)
   (You found it on level 6 of the Pits of Slime)
 g - a +4 rod of ignition (12/12)
   (You bought it in a shop in a bazaar)
 l - a +8 lightning rod (14/14)
   (You bought it in a shop in a bazaar)
 v - a +3 rod of shadows (10/10)
   (You found it on level 3 of the Crypt)
 M - a +5 iron rod (10/10)
   (Xom gifted it to you on level 5 of the Lair of Beasts)
 Y - a +0 lightning rod (11/11)
   (You bought it in a shop on level 4 of the Dungeon)
Jewellery
 p - the amulet "Kiheob" (around neck) {Clar +Fly rElec rPois rC-}
   (Xom gifted it to you on level 2 of the Crypt)

   [amulet of clarity]

   It provides mental clarity.
   It makes you vulnerable to cold.
   It insulates you from electricity.
   It protects you from poison.
   It lets you fly.
 F - a ring of protection from fire (left hand)
 G - the ring of Maloshrum (right hand) {Fire MR++ Int+4 Stlth+}
   (You took it off a tengu reaver on level 5 of the Vaults)

   [ring of fire]

   It enhances your fire magic, and weakens your ice magic.
   It affects your intelligence (+4).
   It protects you from fire.
   It makes you vulnerable to cold.
   It affects your resistance to hostile enchantments.
   It makes you more stealthy.
 P - the ring "Wittinua" {+Blink rPois rN+}
   (You found it on level 3 of the Crypt)

   [ring of poison resistance]

   It protects you from poison.
   It protects you from negative energy.
   It lets you blink.
Wands
 b - a wand of heal wounds (8)
 c - a wand of teleportation (1)
 h - a wand of teleportation (0)
 i - a wand of confusion (5)
 C - a wand of confusion (22)
 D - a wand of heal wounds (6)
 L - a wand of confusion (16)
 U - a wand of digging (6)
Scrolls
 f - 15 scrolls of identify
 n - 4 scrolls of silence
 t - 9 scrolls of remove curse
 x - 4 scrolls of summoning
 y - 6 scrolls of fog
 N - 3 scrolls of fear
 Z - 2 scrolls of recharging
Miscellaneous
 a - a phial of floods
 d - a phantom mirror
 j - a plain deck of summoning {drawn: 8}
 o - a sack of spiders {used: 3}
 q - a legendary deck of summoning {drawn: 6}
 r - a sack of spiders {used: 11}
 u - a plain deck of escape {Solitude, drawn: 4}
 w - a fan of gales
 A - a plain deck of escape {the Tomb, drawn: 2}
 E - a legendary deck of defence {drawn: 4}
 J - a plain deck of defence {drawn: 1}
 K - the horn of Geryon
 O - a disc of storms
 W - a plain deck of summoning {drawn: 6}
 X - a lamp of fire


   Skills:
 - Level 21.3 Fighting
 - Level 1.5 Axes
 - Level 20.3 Armour
 - Level 24.0 Dodging
 - Level 19.3 Shields
 - Level 18.6 Spellcasting
 + Level 7.1 Charms
 + Level 23.3 Translocations
 - Level 20.2 Evocations


You had 49 spell levels left.
You knew the following spells:

 Your Spells              Type           Power        Failure   Level  Hunger
a - Controlled Blink      Tloc           N/A          38%         8    N/A
b - Haste                 Chrm           #####...     100%        6    N/A

Dungeon Overview and Level Annotations

Branches:
Dungeon (15/15)            Temple (1/1) D:5            Lair (8/8) D:11
 Shoals (4/4) Lair:5        Snake (4/4) Lair:4        Slime (6/6) Lair:7
    Orc (4/4) D:9             Elf (3/3) Orc:3        Vaults (5/5) D:13
  Crypt (3/3) Vaults:3       Tomb (1/3) Crypt:3      Depths (5/5) D:15
   Hell (1/1)                 Dis (0/7) Hell            Geh (0/7) Hell
    Coc (7/7) Hell            Tar (0/7) Hell            Zot (5/5) Depths:5

Altars:
Ashenzari
Cheibriados
Dithmenos
Elyvilon
Fedhas
Gozag
Kikubaaqudgha
Makhleb
Nemelex Xobeh
Okawaru
Qazlal
Ru
Sif Muna
Trog
Vehumet
Xom
Yredelemnul
Zin
The Shining One
Beogh
Jiyva

Shops:
D:4 *}*[   D:6 *   Orc:1 %   Orc:3 *   Orc:4 %??*   Elf:3 }   Shoals:4 (
Snake:3 [   Vaults:4 (

Portals:
Hell: Depths:1 Depths:2 Depths:3 Depths:4 Depths:5
Abyss: Depths:1 Depths:3 Depths:4
Pandemonium: Depths:3
Ziggurat: Depths:2
Trove: Vaults:3 (give 5 scrolls of blinking)

Annotations:
Slime:3 exclusion: upstairs
Elf:2 3 runed doors


Innate Abilities, Weirdness & Mutations

You do not eat or drink.
Your flesh is vulnerable to fire.
You are immune to poison.
Your flesh is cold resistant.
You are immune to negative energy.
You are immune to unholy pain and torment.
You can survive without breathing.
You are strongly in touch with the powers of death.
You can restore your body by infusing magical energy.


Message History

Press: ? - help, Shift-Dir - straight line, f - you
Okay, then.
You swap places.
Evoke which item? (* to show all) (? for menu, Esc to quit)
Zapping:
U - a wand of digging (7)
Press: ? - help, Shift-Dir - straight line Your jumping spider falls off the wall.
The rock shatters into small pieces.
Your wolf spider falls off the wall.
This wand has 6 charges left.
Unknown command.
You swap places.
You swap places.
Your jumping spider falls off the wall.
You swap places.
You swap places.
You swap places.
You swap places.
A blue devil comes into view.
You swap places.
There is a staircase leading out of the dungeon here.
You can't go down here!
You have escaped!

.........................#
...#.....................#
...................########
########..##...#..........#
####...#######....).......#
.##.###.##..######.)......#
##### ##.#.#.##..#s4......#
..#### #..###..sssss......#
##...###.##.###.@s#########
#.##.##.##.##....s#
†####...##...#....# ##
#########.###.# #.# #.# #.#
#.# ## #.# ##


You could see a blue devil, 5 friendly wolf spiders, 2 friendly jumping spiders
and a friendly tarantella.

Vanquished Creatures
  4 ancient liches
  An orb of fire (Zot:5)
  2 juggernauts
  2 greater mummies (Crypt:1)
  64 shard shrikes
  A Killer Klown (Zot:5)
  7 caustic shrikes
  8 curse toes
  Geryon (Hell)
  15 tentacled monstrosities
  9 golden dragons
  3 Brimstone Fiends
  10 bone dragons
  3 electric golems
  Jorgrun (Depths:5)
  24 Orb Guardians
  54 Ice Fiends
  A titan (shapeshifter) (Orc:4)
  24 acid blobs
  Asterion (Vaults:3)
  A deep elf blademaster (Elf:3)
  4 titans
  A quicksilver dragon (shapeshifter) (Depths:2)
  2 deep elf master archers (Elf:3)
  6 liches
  3 quicksilver dragons
  A kraken (Shoals:3)
  7 eldritch tentacles
  13 sphinxes
  2 Shadow Fiends
  6 death cobs
  Gastronok (Lair:3)
  An octopode crusher (Depths:3)
  7 tengu reavers
  A sphinx (shapeshifter) (Depths:2)
  Frances (D:14)
  4 ancient champions
  10 shadow dragons
  7 storm dragons
  2 revenants
  Roxanne (D:14)
  Ilsuiw (Shoals:4)
  7 draconian monks
  Wiglaf (Crypt:1)
  5 greater nagas
  A frost giant (shapeshifter) (Depths:2)
  12 azure jellies
  13 frost giants
  Donald (Snake:1)
  Maud (Orc:4)
  2 draconian knights
  2 draconian scorchers
  17 fire giants
  2 iron dragons (Vaults:5)
  4 draconian shifters
  5 draconian zealots
  2 curse skulls
  A ghost moth (Zot:5)
  A balrug (Depths:4)
  7 deep elf sorcerers
  An orc warlord (Orc:4)
  A cacodemon (Coc:2)
  30 very ugly things
  The ghost of baghtru the Grappler, a journeyman MiMo (D:15)
  18 ironheart preservers
  11 vault wardens
  2 war gargoyles
  A spriggan defender (Depths:2)
  5 vampire knights
  A juggernaut zombie (Crypt:3)
  6 draconian annihilators
  4 ghouls (Crypt:2)
  46 reapers
  3 draconian callers
  15 stone giants
  5 elemental wellsprings
  A lorocyproca (Depths:2)
  6 green draconians
  10 deep elf demonologists
  A dire elephant (Zot:5)
  5 deep elf annihilators (Elf:3)
  11 black draconians
  3 salamander firebrands (Hell)
  2 salamander stormcallers (Vaults:5)
  5 purple draconians
  13 white draconians
  9 red draconians
  9 yellow draconians
  8 mottled draconians
  6 eidola
  Snorg (Orc:2)
  11 deep elf death magi
  32 blizzard demons
  5 merfolk javelineers (Shoals:4)
  7 mummy priests
  11 merfolk impalers
  9 jiangshi
  2 fire dragons (shapeshifter) (Depths:2)
  4 death oozes
  7 entropy weavers
  33 vault guards
  Josephine (D:9)
  5 quicksilver dragon zombies
  18 great orbs of eyes
  17 ettins
  3 kraken zombies
  67 ice dragons
  11 fire dragons
  A hydra (shapeshifter) (Depths:2)
  5 deep elf high priests
  27 yaktaur captains
  Harold (D:9)
  7 quicksilver dragon skeletons
  20 naga warriors
  2 death knights
  15 ogre magi
  7 spriggan air magi
  A catoblepas (shapeshifter) (WizLab)
  3 catoblepae
  15 centaur warriors
  9 rakshasas
  2 merfolk avatars
  6 satyrs
  9 hydras
  9 anacondas
  7 dancing weapons
  2 queen ants
  2 merfolk aquamancers
  16 deep troll earth magi
  10 deep troll shamans
  A death yak (shapeshifter) (Depths:2)
  4 orc high priests
  5 vampire magi
  5 death yaks
  7 tengu warriors
  A shock serpent (shapeshifter) (WizLab)
  8 titan zombies
  23 naga sharpshooters
  7 shock serpents
  6 spriggan berserkers
  7 shadow wraiths
  12 small abominations
  Sonja (Orc:4)
  5 sun demons
  2 fire crabs (shapeshifter)
  70 ice devils
  An iron golem (WizLab)
  88 skeletal warriors
  14 soul eaters
  7 storm dragon zombies
  7 titan skeletons
  23 hell knights
  16 sea snakes
  7 storm dragon skeletons
  6 flayed ghosts
  6 salamander mystics
  2 fire crabs
  22 deep elf knights
  5 iron trolls
  An unseen horror (D:12)
  A death drake (shapeshifter) (Vaults:4)
  2 ghost moth zombies
  35 deep trolls
  An unseen horror (shapeshifter) (D:15)
  21 anaconda zombies
  17 hill giants
  A swamp dragon (shapeshifter) (WizLab)
  A kraken simulacrum (Coc:5)
  14 deep elf summoners
  6 golden dragon zombies
  26 orc knights
  19 harpies
  11 giant orange brains
  20 ironbrand convokers
  A quicksilver dragon simulacrum (Coc:1)
  3 harpies (shapeshifter) (WizLab)
  6 naga ritualists
  5 anaconda skeletons
  10 shadow dragon zombies
  4 swamp dragons
  5 golden dragon skeletons
  2 anubis guards (Tomb:1)
  15 necromancers
  15 griffons
  15 phantasmal warriors
  10 fauns
  6 mana vipers
  20 deep elf conjurers
  An orb spider (shapeshifter) (Elf:1)
  10 orc sorcerers
  7 shadow dragon skeletons
  12 shining eyes
  An orb spider (Shoals:4)
  4 wolf spider zombies
  4 wolf spiders (Vaults:3)
  4 cyclopes
  2 moths of wrath (shapeshifter)
  2 sphinx skeletons
  5 wizards
  11 frost giant zombies
  10 iron dragon zombies
  12 fire giant zombies
  2 mana vipers (shapeshifter)
  8 water nymphs
  A hornet (shapeshifter) (Depths:2)
  5 hornets
  6 stone giant zombies
  88 ugly things
  15 manticores
  A cyclops (shapeshifter) (Depths:4)
  4 iron dragon skeletons
  5 fire giant skeletons
  A sixfirhy (D:10)
  17 salamanders
  20 vault sentinels
  22 elephants
  4 sirens
  14 guardian serpents
  26 black mambas
  3 dire elephant zombies
  5 stone giant skeletons
  A guardian serpent (shapeshifter) (WizLab)
  An orc zombie (Vaults:1)
  An elephant (shapeshifter) (WizLab)
  29 naga magi
  4 centaur zombies
  An octopode (shapeshifter) (Vaults:1)
  2 alligator snapping turtle zombies (Crypt:3)
  2 eyes of devastation (shapeshifter)
  12 frost giant skeletons
  21 moths of wrath
  4 ice statues
  2 gargoyles (D:13)
  A shock serpent skeleton (Coc:2)
  6 dire elephant skeletons
  An elf zombie (Depths:2)
  5 kobold demonologists
  2 eyes of devastation
  12 spiny frogs
  2 anaconda simulacra
  30 tormentors
  5 emperor scorpion zombies
  49 yaktaurs
  12 trolls
  A komodo dragon (shapeshifter) (WizLab)
  2 elves (WizLab)
  2 demonic crawlers
  86 freezing wraiths
  15 komodo dragons
  A death yak skeleton (Crypt:2)
  3 efreet
  A queen bee (shapeshifter) (WizLab)
  2 ghost moth simulacra
  A golden dragon simulacrum (Coc:1)
  3 harpy zombies
  A silent spectre (Depths:4)
  2 fire drakes
  2 minotaur zombies
  A red devil (Depths:1)
  17 deep elf priests
  8 guardian mummies
  A merfolk (shapeshifter) (Vaults:2)
  4 trolls (shapeshifter)
  A wind drake (shapeshifter) (WizLab)
  4 frost giant simulacra
  22 merfolk
  5 tengu conjurers
  52 blue devils
  9 polar bears
  A wolf spider simulacrum (Coc:1)
  2 jumping spiders (shapeshifter)
  13 alligator zombies
  30 hydra zombies
  A shadow dragon simulacrum (Coc:1)
  A minotaur skeleton (Coc:1)
  A hornet zombie (D:14)
  22 two-headed ogres
  9 bog bodies
  A raiju (Lair:8)
  26 blink frogs
  7 ettin zombies
  19 hydra skeletons
  5 boulder beetles
  A giant leech (shapeshifter) (Depths:2)
  8 snapping turtles
  8 fire dragon zombies
  5 air elementals
  156 slime creatures
  4 ice dragon zombies
  A raiju (shapeshifter) (Vaults:4)
  A two-headed ogre (shapeshifter) (Vaults:3)
  An iron dragon simulacrum (Coc:1)
  2 fire giant simulacra
  A trapdoor spider (D:15)
  17 vampires
  A guardian serpent skeleton (Crypt:2)
  A spriggan (shapeshifter) (Elf:1)
  4 spriggans
  3 dire elephant simulacra (Coc:1)
  6 humans
  4 stone giant simulacra
  4 tarantellas
  5 fire elementals
  12 ettin skeletons
  19 shadows
  36 deep elf magi
  13 redbacks
  2 alligator skeletons
  12 ice dragon skeletons
  3 black mamba zombies
  A redback (shapeshifter) (Vaults:2)
  24 water elementals
  7 fire dragon skeletons
  2 humans (shapeshifter) (WizLab)
  21 hippogriffs
  3 basilisks
  A tarantella (shapeshifter) (Depths:4)
  29 wraiths
  2 wyverns (shapeshifter)
  34 deep elf fighters
  136 flying skulls
  A hog (shapeshifter) (Vaults:2)
  A giant leech zombie (Crypt:1)
  4 steam dragons
  30 wolves
  2 wyverns
  39 golden eyes
  2 black mamba skeletons (Coc:1)
  43 yaks
  A yaktaur simulacrum (Vaults:2)
  A basilisk (shapeshifter) (Depths:2)
  22 vampire mosquitoes
  A chaos spawn (Depths:2)
  57 nagas
  Menkaure (D:4)
  7 hungry ghosts
  A monstrous demonspawn zombie (Hell)
  An insubstantial wisp (Depths:2)
  25 wargs
  A hippogriff (shapeshifter) (D:13)
  2 mottled dragons (shapeshifter)
  4 mottled dragons
  A soldier ant (shapeshifter) (WizLab)
  A naga (shapeshifter) (Depths:1)
  4 spatial vortices (Coc:1)
  13 hell hounds
  7 large abominations (WizLab)
  5 sky beasts
  A swamp worm (Snake:3)
  A water moccasin (shapeshifter) (D:15)
  6 hydra simulacra
  19 spiny frog zombies
  A swamp drake (shapeshifter) (Vaults:4)
  An ice dragon simulacrum (Coc:1)
  A spider (Lair:2)
  24 water moccasins
  3 alligator simulacra
  18 porcupines
  9 snapping turtle zombies
  2 swamp drakes (Snake:3)
  6 spiny frog skeletons
  A lindwurm zombie (Crypt:2)
  13 black bears
  A wasp (shapeshifter) (WizLab)
  7 ettin simulacra
  A manticore zombie (Coc:5)
  77 orc warriors
  6 phantoms
  16 boggarts
  44 ice beasts
  2 swamp dragon zombies
  An elf simulacrum (Vaults:5)
  A black mamba simulacrum (Coc:3)
  6 eyes of draining
  3 manticore skeletons (Coc:1)
  2 swamp dragon skeletons
  3 fire dragon simulacra
  5 wasps
  43 centaurs
  10 necrophages
  66 ogres
  2 human zombies
  7 snapping turtle skeletons
  16 crocodiles
  3 big kobolds
  3 spiny frog simulacra
  2 big kobolds (shapeshifter)
  A merfolk simulacrum (Coc:6)
  A dryad skeleton (Crypt:1)
  A wyvern zombie (Crypt:1)
  20 giant frogs
  A deep troll simulacrum (Vaults:3)
  A troll zombie (Coc:3)
  2 wyvern skeletons
  A water moccasin skeleton (D:10)
  3 spriggan zombies
  A manticore simulacrum (Coc:7)
  65 wights
  9 scorpions
  A warg skeleton (Crypt:2)
  9 killer bees
  10 electric eels
  3 quasits
  10 crimson imps
  A hound (shapeshifter) (WizLab)
  4 centaur skeletons
  Crazy Yiuf (D:7)
  Ijyb (D:2)
  20 hounds
  31 jellies
  57 orc priests
  Jessica (D:2)
  2 giant frog skeletons
  3 human skeletons
  45 orc wizards
  Terence (D:2)
  12 iguanas
  Natasha (thrice) (D:2)
  A black bear skeleton (Crypt:1)
  10 worker ants
  A sheep (shapeshifter) (WizLab)
  A crocodile zombie (Crypt:3)
  An ogre zombie (Coc:3)
  A tengu skeleton (Coc:3)
  19 sheep
  A big kobold skeleton (Crypt:2)
  A hound zombie (Crypt:1)
  2 naga skeletons
  A demigod skeleton (Crypt:3)
  A hound skeleton (D:9)
  21 mummies
  A worker ant zombie (D:10)
  18 adders
  8 gnolls
  49 river rats
  A scorpion zombie (Crypt:3)
  5 shadow imps
  66 white imps
  5 giant eyeballs
  6 oozes
  An adder zombie (D:7)
  2 adder skeletons
  4 worms
  4 giant geckos
  300 orcs
  4 bats
  7 giant cockroaches
  A goblin (shapeshifter) (Lair:3)
  A hobgoblin (shapeshifter) (Depths:4)
  9 hobgoblins
  15 jackals
  A ball python skeleton (D:4)
  A giant gecko (shapeshifter) (WizLab)
  2 giant gecko skeletons (D:4)
  5 giant newts
  10 goblins
  A hobgoblin zombie (Crypt:2)
  2 jackal skeletons
  15 kobolds
  5 quokkas
  5 rats
  A rat skeleton (Crypt:1)
  4 crawling corpses
  11 fungi
  4 plants
  6 tentacles
4904 creatures vanquished.

Vanquished Creatures (collateral kills)
  Antaeus (Coc:7)
  the Serpent of Hell (Coc:7)
  3 orbs of fire (Zot:5)
  Mennas (Crypt:2)
  4 juggernauts
  2 ancient liches (Zot:5)
  Sojobo (Crypt:2)
  A Killer Klown (Zot:5)
  A caustic shrike (Slime:5)
  Nikola (Shoals:4)
  A bone dragon (Coc:7)
  3 golden dragons
  Xtahua (Crypt:2)
  A lich (Depths:3)
  2 electric golems (Zot:5)
  3 Ice Fiends (Coc:7)
  Rupert (D:14)
  2 Orb Guardians (Zot:5)
  A tentacled monstrosity (Zot:5)
  3 titans
  3 acid blobs
  A shadow dragon (Zot:4)
  2 tengu reavers
  A greater naga (Snake:4)
  2 azure jellies (Slime:6)
  3 vault wardens
  3 frost giants
  2 fire giants
  3 iron dragons
  A caustic shrike zombie (Depths:3)
  A draconian shifter (Depths:4)
  A stone giant (Vaults:5)
  A draconian annihilator (Zot:3)
  2 very ugly things
  2 ironheart preservers
  A reaper (Coc:1)
  2 vampire knights
  2 green draconians
  A red draconian (Zot:5)
  5 vault guards
  A blizzard demon (Hell)
  4 fire dragons
  2 yaktaur captains
  A deep elf death mage (Crypt:2)
  5 merfolk impalers (Shoals:4)
  2 deep elf high priests
  2 death oozes (Slime:6)
  An entropy weaver (Depths:3)
  A hydra (Lair:8)
  2 naga warriors
  An anaconda (Snake:4)
  A hydra (shapeshifter) (Shoals:4)
  2 ice dragons
  A merfolk avatar (Shoals:4)
  2 spriggan air magi
  A dancing weapon (Vaults:5)
  2 alligator snapping turtles
  2 deep troll shamans
  A catoblepas (Lair:6)
  A satyr (shapeshifter) (Vaults:5)
  A merfolk aquamancer (Shoals:4)
  A vampire mage (Crypt:2)
  Urug (Orc:1)
  6 naga sharpshooters
  2 spriggan berserkers
  An orc high priest (Orc:4)
  Nergalle (Lair:1)
  A deep elf knight (Elf:2)
  2 sun demons (Depths:1)
  3 hell knights
  A shadow wraith (Crypt:2)
  2 skeletal warriors
  2 salamander mystics
  A sea snake (Shoals:4)
  2 deep trolls (Depths:2)
  An ice devil (Coc:1)
  A wizard (Depths:2)
  3 ironbrand convokers
  2 deep elf conjurers
  An orc knight (Depths:1)
  A harpy (Shoals:3)
  2 necromancers (Depths:1)
  4 ugly things
  A manticore (Shoals:4)
  2 griffons (Shoals:4)
  A moth of wrath (Zot:4)
  A water nymph (Shoals:3)
  2 fauns (Shoals:3)
  2 elephants (Lair:8)
  2 cyclopes
  Maurice (D:10)
  5 salamanders
  A spiny frog (Lair:1)
  2 naga magi
  A catoblepas zombie (Crypt:2)
  A storm dragon simulacrum (Depths:3)
  2 tengu conjurers (D:14)
  A komodo dragon (shapeshifter) (Depths:4)
  A yaktaur (Vaults:1)
  3 deep elf priests
  A blue devil (Coc:7)
  6 merfolk
  2 komodo dragons (Lair:1)
  A red devil (D:1)
  3 freezing wraiths
  5 slime creatures
  3 two-headed ogres (Vaults:2)
  A bog body (Crypt:2)
  2 blink frogs (Lair:4)
  2 flying skulls
  A black mamba zombie (Crypt:2)
  An air elemental (Depths:5)
  A deep elf fighter (Elf:1)
  A water elemental (Shoals:4)
  3 golden eyes (Slime:2)
  4 yaks (Lair:8)
  A human (Depths:4)
  A yaktaur simulacrum (Vaults:5)
  A warg (Orc:4)
  A swamp worm (Snake:3)
  A hell hound (Lair:8)
  3 nagas
  4 orc warriors
  2 water moccasins
  A snapping turtle zombie (Coc:7)
  A centaur (Shoals:4)
  3 ogres
  A giant frog (D:6)
  A scorpion (D:6)
  A crimson imp (Depths:3)
  3 orc priests
  A hound (D:11)
  2 sheep
  A worker ant zombie (D:8)
  4 river rats (Lair:4)
  A white imp (Lair:5)
  An adder skeleton (D:8)
  10 orcs
  A giant newt (D:6)
  A quokka (D:6)
263 creatures vanquished.

Vanquished Creatures (others)
  2 bone dragons (Coc:7)
  A lich (Depths:3)
  7 eldritch tentacles
  An octopode crusher (Depths:3)
  A shadow dragon (Zot:5)
  A storm dragon (Vaults:5)
  2 tengu reavers
  A fire giant (Crypt:2)
  2 frost giants
  A draconian knight (Zot:3)
  A ghost moth (Zot:5)
  An ironheart preserver (Vaults:2)
  A very ugly thing (Depths:4)
  4 elemental wellsprings
  A deep elf demonologist (Vaults:5)
  A merfolk javelineer (Shoals:4)
  An ettin (Vaults:5)
  A deep elf death mage (Elf:3)
  A yaktaur captain (Vaults:2)
  A death ooze (Slime:6)
  A vault guard (Vaults:5)
  An ogre mage (Vaults:5)
  A rakshasa (Depths:3)
  2 ice dragons
  A merfolk aquamancer (Shoals:4)
  10 dancing weapons
  A catoblepas (Lair:6)
  An alligator (Slime:5)
  A shock serpent (shapeshifter) (WizLab)
  A naga sharpshooter (Snake:4)
  A fire crab (Depths:2)
  An ice devil (Coc:7)
  A deep elf knight (Elf:3)
  4 skeletal warriors
  A deep troll (Vaults:1)
  A fire crab (shapeshifter) (WizLab)
  An anubis guard (shapeshifter) (WizLab)
  An anaconda zombie (Coc:3)
  A hell knight (Depths:1)
  2 phantasmal warriors
  An orange crystal statue (Vaults:1)
  A swamp dragon (Snake:3)
  A necromancer (Vaults:5)
  A harpy (Shoals:3)
  A griffon (Lair:2)
  A cyclops (Vaults:2)
  An elephant (Lair:8)
  An ugly thing (Depths:2)
  A stone giant skeleton (Vaults:5)
  A siren (Shoals:3)
  An elephant (shapeshifter) (Depths:1)
  2 black mambas (Snake:4)
  A centaur skeleton (D:14)
  2 yaktaurs
  A hydra zombie (Coc:7)
  3 freezing wraiths
  A tengu conjurer (D:13)
  A blink frog (Lair:8)
  3 merfolk (Shoals:3)
  A two-headed ogre (Vaults:5)
  7 ball lightnings
  A wind drake (shapeshifter) (WizLab)
  A boulder beetle (Vaults:5)
  A deep elf mage (Elf:1)
  9 flying skulls
  A water elemental (Shoals:4)
  A yak (Lair:8)
  2 deep elf fighters
  A golden eye (Slime:1)
  A warg (Depths:1)
  6 nagas
  A water moccasin (Lair:3)
  An orc warrior (Vaults:5)
  A porcupine (Lair:8)
  An alligator simulacrum (Coc:3)
  2 centaurs
  An ice beast (Coc:1)
  An ogre (Vaults:2)
  An orc priest (Orc:4)
  2 mummies
  A white imp (Coc:6)
  8 orcs
  A bush (Lair:8)
  4 crawling corpses (Elf:1)
  929 eldritch tentacle segments
  3 fire vortices (Vaults:5)
  54 fungi
  3 lost souls
  28 plants
  17 tentacles
  412 tentacle segments
  8 toadstools (Lair:6)
1602 creatures vanquished.

Grand Total: 6769 creatures vanquished

Notes
Turn   | Place    | Note
--------------------------------------------------------------
     0 | D:1      | aredel the Mummy Fighter began the quest for the Orb.
     0 | D:1      | Reached XP level 1. HP: 18/18 MP: 1/1
   285 | D:1      | Reached XP level 2. HP: 21/24 MP: 2/2
   560 | D:2      | Noticed Terence
   568 | D:2      | Killed Terence
   568 | D:2      | Reached XP level 3. HP: 27/30 MP: 3/3
   715 | D:2      | Noticed Natasha
   960 | D:2      | Killed Natasha
   960 | D:2      | Reached skill level 4 in Fighting
   960 | D:2      | Reached XP level 4. HP: 25/37 MP: 4/4
  1107 | D:2      | Noticed Ijyb
  1140 | D:2      | Killed Ijyb
  1529 | D:2      | Noticed Natasha
  1532 | D:2      | Killed Natasha
  1637 | D:2      | Noticed Natasha
  1640 | D:2      | Reached XP level 5. HP: 32/43 MP: 5/5
  1647 | D:2      | Killed Natasha
  1744 | D:2      | Found a white marble altar of Elyvilon.
  1940 | D:2      | Noticed Jessica
  1950 | D:2      | Killed Jessica
  2334 | D:3      | Found a stormy altar of Qazlal.
  2345 | D:3      | Noticed an orc warrior
  2354 | D:4      | Found Bevakum's Assorted Antiques.
  2361 | D:4      | Reached skill level 5 in Fighting
  2522 | D:4      | Found Idocakhlo's Antique Armour Shoppe.
  2531 | D:4      | Found Odoodum's General Store.
  2537 | D:4      | Bought a scroll of remove curse for 39 gold pieces
  2569 | D:4      | Found Itziypp's Gadget Boutique.
  2630 | D:3      | Reached XP level 6. HP: 49/51 MP: 6/6
  3817 | D:4      | Found a blossoming altar of Fedhas.
  4212 | D:5      | Entered Level 5 of the Dungeon
  4378 | D:5      | Found a staircase to the Ecumenical Temple.
  4382 | D:5      | Noticed a deep elf mage
  4389 | D:5      | Noticed Menkaure
  4395 | D:5      | Found a sparkling altar of Nemelex Xobeh.
  4409 | Temple   | Entered the Ecumenical Temple
  4413 | Temple   | Became a worshipper of Xom of Chaos
  4438 | D:4      | XOM: potion effect (haste)
  4444 | D:4      | XOM: harmless Divn miscast
  4449 | D:4      | Killed Menkaure
  4449 | D:4      | Reached skill level 1 in Dodging
  4558 | D:4      | Reached XP level 7. HP: 20/57 MP: 7/7
  4605 | D:4      | XOM: harmless Chrm miscast
  4871 | D:5      | XOM: harmless Summ miscast
  4873 | D:5      | Reached skill level 6 in Fighting
  4875 | D:5      | XOM: potion effect (agility)
  4877 | D:5      | XOM: harmless Air miscast
  4884 | D:5      | Killed a deep elf mage
  4936 | D:5      | XOM: harmless Divn miscast
  4959 | D:5      | XOM: confuse monster(s)
  4960 | D:5      | Found a deep blue altar of Sif Muna.
  5123 | D:4      | XOM: noise
  5249 | D:5      | XOM: divination: detect creatures
  5430 | D:5      | Reached skill level 7 in Fighting
  5430 | D:5      | Reached XP level 8. HP: 44/67 MP: 8/8
  5443 | D:5      | XOM: harmless Chrm miscast
  5538 | D:5      | XOM: god gift: pair of boots {god gift}
  5612 | D:5      | Found a burning altar of Makhleb.
  5627 | D:5      | Found an ancient bone altar of Kikubaaqudgha.
  5666 | D:5      | XOM: confuse monster(s)
  5686 | D:5      | XOM: confuse monster(s)
  5772 | D:5      | Found a stormy altar of Qazlal.
  5779 | D:5      | Reached skill level 5 in Armour
  5920 | D:5      | You fall through a shaft for 2 floors!
  6105 | D:7      | XOM: 3-stop teleportation journey
  6117 | D:7      | XOM: god gift: great sword {god gift}
  6189 | D:7      | Reached skill level 8 in Fighting
  6474 | D:6      | Found a shadowy altar of Dithmenos.
  6520 | D:6      | XOM: summons friendly iron imp
  6645 | D:6      | XOM: enchant monster (bad)
  6651 | D:6      | XOM: repel stairs
  6652 | D:6      | XOM: chaos upgrade
  6653 | D:6      | XOM: enchant monster (bad)
  6655 | D:6      | XOM: chaos cloud
  6657 | D:6      | Paralysed by you for 2 turns
  6662 | D:6      | Paralysed by an orc wizard for 7 turns
  6688 | D:6      | XOM: summons 1 hostile demon
  6717 | D:6      | XOM: enchant monster (good)
  6854 | D:6      | Found a snail-covered altar of Cheibriados.
  6870 | D:6      | Found Vimnor's Assorted Antiques.
  6935 | D:6      | XOM: cast spell 'Summon Dragon'
  7205 | D:7      | Reached XP level 9. HP: 71/75 MP: 9/9
  7478 | D:7      | Noticed Crazy Yiuf
  7478 | D:7      | XOM: enchant monster (bad)
  7494 | D:7      | Killed Crazy Yiuf
  7687 | D:7      | Reached skill level 9 in Fighting
  7694 | D:8      | XOM: mild Conj miscast
  7727 | D:8      | XOM: enchant monster (bad)
  7731 | D:8      | XOM: summons friendly ufetubus
  7859 | D:8      | XOM: enchant monster (good)
  7872 | D:8      | XOM: silly message
  8003 | D:8      | XOM: chaos upgrade
  8099 | D:8      | XOM: silly message
  8114 | D:8      | XOM: confusion
  8166 | D:8      | XOM: noise
  8424 | D:9      | XOM: stealth player
  8461 | D:9      | XOM: divination: magic mapping
  8532 | D:9      | XOM: divination: magic mapping
  8629 | D:9      | Reached skill level 10 in Fighting
  8646 | D:9      | XOM: potion effect (invisibility)
  8663 | D:9      | XOM: potion effect (might)
  8694 | D:9      | Reached skill level 1 in Evocations
  8707 | D:9      | XOM: potion effect (heal wounds)
  8715 | D:9      | Reached skill level 5 in Dodging
  8880 | D:9      | Found a staircase to the Orcish Mines.
  8976 | D:9      | XOM: summons 4 hostile shadow creatures
  9171 | D:9      | Reached XP level 10. HP: 81/86 MP: 11/11
  9306 | D:9      | Found a basalt altar of Yredelemnul.
  9386 | D:9      | XOM: butterfly on damage
  9422 | D:9      | XOM: mild Tloc miscast
  9608 | D:9      | XOM: god gift: bread ration
  9738 | D:9      | XOM: harmless Conj miscast
  9900 | D:9      | XOM: mild Tloc miscast
 10287 | D:9      | XOM: harmless Air miscast
 10352 | D:10     | Entered Level 10 of the Dungeon
 10397 | D:10     | XOM: summons 1 hostile demon
 10484 | D:10     | XOM: colour smoke trail
 10669 | D:10     | XOM: enchant monster (good)
 10718 | D:10     | XOM: harmless Fire miscast
 10728 | D:10     | XOM: polymorph hound -> ooze
 10784 | D:10     | XOM: cast spell 'Olgreb's Toxic Radiance'
 10798 | D:10     | Reached skill level 11 in Fighting
 10835 | D:10     | XOM: divination: detect creatures
 10926 | D:10     | XOM: colour smoke trail
 10982 | D:10     | XOM: harmless Divn miscast
 11203 | D:10     | XOM: divination: detect items
 11239 | D:10     | XOM: mild Erth miscast
 11311 | D:11     | Got a jewelled ring mail
 11336 | D:11     | Identified the +4 ring mail of Hadjma {-Tele rElec Dex+2 Stlth+} (You found it on level 11 of the Dungeon)
 11399 | D:10     | XOM: summons friendly shadow imp
 11407 | D:10     | XOM: colour smoke trail
 11461 | D:11     | XOM: enchant monster (good)
 11689 | D:11     | XOM: confuse monster(s)
 11708 | D:11     | XOM: divination: magic mapping
 11717 | D:11     | XOM: summons friendly orange demon
 11719 | D:11     | Noticed a red ugly thing
 11733 | D:11     | XOM: enchant monster (bad)
 11740 | D:11     | XOM: blink monster(s)
 12291 | D:10     | XOM: harmless Air miscast
 12328 | D:10     | Noticed Maurice
 12329 | D:10     | XOM: cast spell 'Summon Horrible Things'
 12359 | D:10     | Killed Maurice
 12390 | D:10     | XOM: enchant monster (bad)
 12683 | D:12     | Noticed a hill giant
 12684 | D:12     | XOM: silly message
 12685 | D:12     | XOM: cast spell 'Summon Small Mammal'
 12698 | D:12     | XOM: enchant monster (good)
 12700 | D:12     | XOM: potion effect (invisibility)
 12705 | D:12     | Killed a hill giant
 12705 | D:12     | Reached XP level 11. HP: 42/95 MP: 13/13
 12851 | D:12     | XOM: enchant monster (good)
 12903 | D:12     | XOM: confuse monster(s)
 13051 | D:11     | XOM: polymorph kobold demonologist -> warg
 13102 | D:11     | XOM: confuse monster(s)
 13141 | D:10     | XOM: god gift: bardiche {god gift}
 13544 | D:11     | XOM: confuse monster(s)
 13550 | D:11     | XOM: fog
 13584 | D:11     | Reached skill level 12 in Fighting
 13730 | D:11     | XOM: swap monsters
 13744 | D:11     | XOM: divination: magic mapping
 13799 | D:11     | XOM: god gift: chain mail {god gift}
 13814 | D:11     | XOM: butterfly on damage
 13816 | D:11     | Drew Focus: Str increased to 20, Int decreased to 8
 13872 | D:11     | XOM: harmless Hex miscast
 14061 | D:11     | XOM: 1-stop teleportation journey
 14070 | D:11     | XOM: destruction
 14106 | D:11     | Killed a red ugly thing
 14328 | D:11     | XOM: medium Tloc miscast
 14459 | D:11     | Noticed a hill giant
 14482 | D:11     | Killed a hill giant
 14662 | D:11     | Found a staircase to the Lair.
 14674 | Lair:1   | Entered Level 1 of the Lair of Beasts
 14726 | Lair:1   | XOM: medium Trmt miscast
 14757 | Lair:1   | XOM: confusion (+ monsters)
 14782 | Lair:1   | XOM: 1-stop teleportation journey
 14806 | Lair:1   | XOM: 2-stop teleportation journey
 14959 | Lair:1   | XOM: colour smoke trail
 14974 | Lair:1   | XOM: summons 2 hostile demons
 15030 | Lair:1   | Noticed Nergalle
 15030 | Lair:1   | XOM: mild Pois miscast
 15053 | Lair:1   | Killed Nergalle
 15120 | Lair:1   | Got a crude shortbow
 15158 | Lair:1   | XOM: smoke on damage
 15169 | Lair:1   | XOM: harmless Trmt miscast
 15187 | Lair:1   | XOM: enchant monster (good)
 15216 | Lair:1   | XOM: silly message
 15218 | Lair:1   | Identified the +1 shortbow of Obsession {freeze, Int+7 SInv} (You found it on level 1 of the Lair of Beasts)
 15292 | Lair:1   | XOM: enchant monster (good)
 15512 | Lair:1   | XOM: medium Pois miscast
 15522 | Lair:1   | XOM: divination: detect creatures
 15768 | Lair:1   | XOM: potion effect (might)
 15792 | Lair:1   | Reached skill level 13 in Fighting
 16223 | Lair:2   | Reached skill level 5 in Evocations
 16252 | Lair:2   | XOM: colour smoke trail
 16353 | Lair:2   | XOM: repel stairs
 16564 | Lair:2   | XOM: confusion
 16569 | Lair:2   | XOM: polymorph giant frog -> spider
 16575 | Lair:2   | XOM: swap monsters
 16614 | Lair:2   | XOM: 3-stop teleportation journey
 16717 | Lair:2   | Got a scorched scale mail
 16728 | Lair:2   | Identified the +5 scale mail of Freedom {rPois Regen+} (You found it on level 2 of the Lair of Beasts)
 16744 | Lair:2   | XOM: god gift: 3 poisoned javelins
 16777 | Lair:2   | XOM: swap monsters
 16785 | Lair:2   | Reached XP level 12. HP: 105/105 MP: 15/15
 17101 | Lair:2   | XOM: swap monsters
 17211 | Lair:2   | XOM: confuse monster(s)
 17214 | Lair:2   | XOM: swap monsters
 17285 | Lair:2   | XOM: fog
 17322 | Lair:2   | XOM: god gift: 13 gold pieces
 17366 | Lair:2   | Got a crystal long sword
 17391 | Lair:2   | Identified the +4 long sword of Midsummer {slice, rPois MR+ Str+4} (You found it on level 2 of the Lair of Beasts)
 17418 | Lair:2   | XOM: confuse monster(s)
 17469 | Lair:2   | XOM: god gift: 8 javelins of penetration
 17750 | Lair:3   | XOM: polymorph river rat -> quokka
 17835 | Lair:3   | XOM: summons friendly crimson imp
 17838 | Lair:3   | XOM: enchant monster (bad)
 17969 | Lair:3   | Noticed an eight-headed hydra
 17971 | Lair:3   | XOM: confuse monster(s)
 18028 | Lair:3   | Noticed Gastronok
 18053 | Lair:3   | Killed Gastronok
 18164 | Lair:3   | XOM: enchant monster (good)
 18295 | Lair:4   | XOM: blink monster(s)
 18306 | Lair:4   | XOM: blink monster(s)
 18372 | Lair:4   | Found a staircase to the Snake Pit.
 18377 | Lair:4   | Reached skill level 14 in Fighting
 18503 | Lair:4   | XOM: summons 5 friendly demons
 18631 | Lair:4   | XOM: summons friendly iron imp
 18899 | Lair:4   | XOM: polymorph water moccasin -> wolf
 18900 | Lair:4   | XOM: potion effect (brilliance)
 18965 | Lair:4   | XOM: noise
 19103 | Lair:4   | XOM: noise
 19158 | Lair:4   | XOM: mild Pois miscast
 19345 | Lair:4   | You fall through a shaft for 2 floors!
 19355 | Lair:6   | XOM: cast spell 'Confusing Touch'
 19376 | Lair:6   | XOM: mild Fire miscast
 19399 | Lair:6   | You fall through a shaft!
 19413 | Lair:6   | Got an encrusted large shield
 19424 | Lair:6   | Identified the +2 large shield of Tenacity {rCorr} (You found it on level 6 of the Lair of Beasts)
 19493 | Lair:5   | XOM: enchant monster (bad)
 19502 | Lair:5   | Found a frozen archway.
 19518 | Lair:5   | XOM: summons friendly ufetubus
 19519 | IceCv    | Entered an ice cave
 19542 | IceCv    | XOM: potion effect (haste)
 19650 | IceCv    | XOM: noise
 19654 | IceCv    | XOM: potion effect (invisibility)
 19670 | IceCv    | Gained mutation: You are in touch with the powers of death. [Mummy growth]
 19670 | IceCv    | Gained mutation: You can restore your body by infusing magical energy. [Mummy growth]
 19670 | IceCv    | Reached XP level 13. HP: 29/113 MP: 18/18
 19731 | IceCv    | XOM: cast spell 'Blink'
 19737 | IceCv    | XOM: potion effect (invisibility)
 20068 | IceCv    | XOM: cast spell 'Dispersal'
 20280 | Lair:5   | XOM: summons friendly iron imp
 20293 | Lair:5   | XOM: harmless Conj miscast
 20301 | Lair:5   | XOM: 1-stop teleportation journey
 20380 | Lair:5   | XOM: god gift: thin glowing rod {god gift}
 20384 | Lair:5   | XOM: blink monster(s)
 20386 | Lair:5   | XOM: 2-stop teleportation journey
 20498 | Lair:5   | XOM: confuse monster(s)
 20534 | Lair:5   | XOM: summons friendly ufetubus
 20758 | Lair:1   | XOM: summons 3 friendly demons
 20849 | Lair:1   | XOM: polymorph water moccasin -> warg
 20970 | Lair:4   | XOM: silly message
 21014 | Lair:5   | Found a staircase to the Shoals.
 21288 | Lair:5   | XOM: god gift: plate armour {god gift}
 21396 | Lair:5   | XOM: silly message
 21550 | Lair:5   | XOM: divination: detect creatures
 21718 | Lair:5   | XOM: divination: detect creatures
 22031 | Lair:6   | Noticed a catoblepas
 22031 | Lair:6   | Noticed a catoblepas
 22070 | Lair:6   | Killed a catoblepas
 22080 | Lair:6   | XOM: potion effect (agility)
 22082 | Lair:6   | XOM: swap monsters
 22083 | Lair:6   | XOM: potion effect (curing)
 22083 | Lair:6   | Killed a catoblepas
 22540 | Lair:6   | XOM: destruction
 22553 | Lair:6   | XOM: 1-stop teleportation journey
 22677 | Lair:6   | XOM: polymorph torpor snail -> giant orange brain
 22685 | Lair:6   | XOM: severe Conj miscast
 22693 | Lair:6   | Reached skill level 10 in Armour
 22829 | Lair:6   | XOM: chaos cloud
 22834 | Lair:6   | Paralysed by you for 2 turns
 22937 | Lair:6   | XOM: silly message
 22959 | Lair:6   | XOM: summons friendly ufetubus
 23004 | Lair:6   | XOM: fake destruction
 23023 | Lair:6   | XOM: god gift: scroll of recharging
 23033 | Lair:6   | XOM: potion effect (heal wounds)
 23034 | Lair:6   | XOM: enchant monster (good)
 23358 | Lair:7   | XOM: confusion
 23368 | Lair:7   | Noticed a four-headed hydra
 23373 | Lair:7   | Killed a four-headed hydra
 23384 | Lair:7   | XOM: snakes to sticks
 23549 | Lair:7   | XOM: divination: detect creatures
 23555 | Lair:7   | XOM: silly message
 23942 | Lair:7   | Found a viscous altar of Jiyva.
 23943 | Lair:7   | Found a staircase to the Slime Pits.
 23974 | Lair:7   | XOM: summons 5 friendly demons
 23987 | Lair:7   | XOM: medium Conj miscast
 24065 | Lair:7   | XOM: stat loss: -1 Dex (20/21)
 24286 | Lair:8   | Entered Level 8 of the Lair of Beasts
 24316 | Lair:8   | XOM: enchant monster (good)
 24325 | Lair:7   | Reached skill level 10 in Dodging
 24326 | Lair:7   | XOM: confuse monster(s)
 24354 | Lair:8   | XOM: enchant monster (good)
 24477 | Lair:4   | XOM: summons 9 friendly demons
 24490 | Lair:4   | XOM: polymorph iron imp -> white imp
 24887 | Lair:8   | XOM: fog
 24902 | Lair:8   | XOM: noise
 24991 | Lair:8   | XOM: summons friendly shadow imp
 25007 | Lair:8   | Reached XP level 14. HP: 54/120 MP: 20/20
 25043 | Lair:8   | XOM: silly message
 25068 | Lair:8   | XOM: mild Chrm miscast
 25123 | Lair:8   | XOM: confuse monster(s)
 25358 | Lair:8   | Got a scorched mace
 25363 | Lair:8   | Identified the cursed +0 mace of Kumichet {flame, rPois MR+ MP-9} (You found it on level 8 of the Lair of Beasts)
 25405 | Lair:8   | XOM: harmless Hex miscast
 25544 | Lair:4   | XOM: god gift: scroll of teleportation
 25649 | Lair:1   | XOM: enchant monster (good)
 25999 | Lair:8   | XOM: swap monsters
 26000 | Lair:8   | XOM: noise
 26005 | Lair:8   | XOM: 7-stop teleportation journey
 26052 | Lair:8   | XOM: summons friendly crimson imp
 26055 | Lair:8   | XOM: summons 2 friendly demons
 26059 | Lair:8   | XOM: divine lightning
 26061 | Lair:8   | XOM: confuse monster(s)
 26211 | Lair:8   | XOM: colour smoke trail
 26275 | Lair:8   | XOM: noise
 26286 | Lair:8   | XOM: summons friendly quasit
 26300 | Lair:8   | XOM: confuse monster(s)
 26566 | Lair:8   | XOM: smoke on damage
 26631 | Lair:8   | XOM: harmless Chrm miscast
 26657 | Lair:8   | XOM: potion effect (agility)
 26781 | Lair:8   | XOM: confuse monster(s)
 26816 | Lair:8   | XOM: god gift: scroll of enchant armour
 26845 | Lair:8   | XOM: polymorph warg -> wyvern
 26880 | Lair:8   | XOM: god gift: 14 stones
 26896 | Lair:8   | XOM: vitrification
 26945 | Lair:8   | XOM: polymorph elephant -> queen ant
 26947 | Lair:8   | XOM: cast spell 'Summon Hydra'
 26960 | Lair:8   | XOM: enchant monster (bad)
 27191 | Lair:8   | XOM: medium Trmt miscast
 27204 | Lair:8   | XOM: destruction
 27737 | Lair:1   | XOM: mild Pois miscast
 27788 | Lair:1   | XOM: enchant monster (bad)
 27952 | Orc:1    | Entered Level 1 of the Orcish Mines
 27979 | Orc:1    | Noticed Harold
 27993 | D:9      | XOM: summons friendly crimson imp
 28012 | D:9      | Killed Harold
 28024 | D:9      | XOM: scenery: 3 doors close
 28093 | D:9      | XOM: scenery: 1 doors close
 28290 | Orc:2    | Noticed Josephine
 28364 | D:9      | XOM: swap monsters
 28381 | D:9      | XOM: smoke on damage
 28384 | D:9      | Killed Josephine
 28384 | D:9      | Reached skill level 10 in Evocations
 28764 | Orc:2    | Noticed Urug
 28773 | Orc:2    | XOM: divination: detect creatures
 28774 | Orc:2    | XOM: god gift: wand of digging {god gift}
 28796 | Orc:1    | Killed Urug
 29024 | Orc:1    | XOM: summons friendly white imp
 29033 | Orc:1    | XOM: swap monsters
 29128 | Orc:1    | XOM: god gift: dented beryl amulet {god gift}
 29140 | Orc:1    | XOM: fog
 29149 | Orc:1    | XOM: summons friendly shadow imp
 29168 | Orc:1    | XOM: polymorph orc warrior -> wolf
 29368 | Orc:1    | XOM: harmless Trmt miscast
 29406 | Orc:1    | Found Kaowam's Food Boutique.
 29514 | Orc:2    | Noticed Snorg
 29541 | Orc:2    | Killed Snorg
 29708 | Orc:3    | Found a roughly hewn altar of Beogh.
 29794 | Orc:3    | XOM: swap monsters
 30035 | Orc:3    | Found Kymempie's General Store.
 30039 | Orc:3    | Bought a scroll of torment for 90 gold pieces
 30039 | Orc:3    | Bought a scroll of summoning for 114 gold pieces
 30286 | Orc:4    | Entered Level 4 of the Orcish Mines
 30290 | Orc:4    | Noticed Maud
 30306 | Orc:4    | Killed Maud
 30692 | Orc:3    | Found a staircase to the Elven Halls.
 30819 | Orc:4    | Noticed Sonja
 30893 | Orc:4    | Killed Sonja
 30893 | Orc:4    | Reached XP level 15. HP: 126/126 MP: 22/22
 30910 | Orc:4    | XOM: god gift: knobbly jade ring {god gift}
 31125 | Orc:4    | XOM: confuse monster(s)
 31138 | Orc:4    | Noticed an orc warlord
 31143 | Orc:4    | XOM: summons friendly white imp
 31145 | Orc:4    | XOM: divination: magic mapping
 31149 | Orc:4    | XOM: smoke on damage
 31158 | Orc:4    | Noticed Saint Roka
 31159 | Orc:4    | Killed an orc warlord
 31405 | Orc:4    | XOM: harmless Ice miscast
 31492 | Orc:4    | Found a roughly hewn altar of Beogh.
 31516 | Orc:4    | XOM: confusion
 31519 | Orc:4    | XOM: noise
 31522 | Orc:4    | XOM: 1-stop teleportation journey
 31591 | Orc:4    | Found Tisofa's Magic Scroll Boutique.
 31599 | Orc:4    | Bought 3 scrolls of identify for 102 gold pieces
 31599 | Orc:4    | Bought a scroll of teleportation for 51 gold pieces
 31605 | Orc:4    | Found Dateij's Assorted Antiques.
 31698 | Orc:4    | XOM: enchant monster (bad)
 31699 | Orc:4    | XOM: mild Chrm miscast
 31906 | Orc:4    | Noticed Saint Roka
 31906 | Orc:4    | Saint Roka changed into Saint Roka the titan
 31906 | Orc:4    | XOM: polymorph Saint Roka -> Saint Roka the titan
 31913 | Orc:4    | Killed Saint Roka the titan
 32037 | Orc:4    | Found a roughly hewn altar of Beogh.
 32065 | Orc:4    | XOM: enchant monster (bad)
 32220 | Orc:4    | XOM: summons 2 hostile shadow creatures
 32289 | Orc:4    | Found Imosk's Food Shop.
 32348 | Orc:4    | XOM: 5-stop teleportation journey
 32503 | Orc:4    | XOM: summons 12 friendly demons
 32512 | Orc:4    | Found Jelaak's Magic Scroll Emporium.
 32531 | Orc:4    | Bought a scroll of teleportation for 30 gold pieces
 32531 | Orc:4    | Bought a scroll of identify for 20 gold pieces
 32531 | Orc:4    | Bought a scroll of teleportation for 30 gold pieces
 32531 | Orc:4    | Bought a scroll of teleportation for 30 gold pieces
 32531 | Orc:4    | Bought a scroll of teleportation for 30 gold pieces
 32531 | Orc:4    | Bought a scroll of acquirement for 520 gold pieces
 32540 | Orc:4    | Got a pair of pitted boots
 32551 | Orc:4    | Identified the +0 pair of boots of the Swamp {rC++} (You acquired it on level 4 of the Orcish Mines)
 32759 | Orc:4    | XOM: harmless Divn miscast
 32861 | Orc:4    | XOM: colour smoke trail
 33044 | D:11     | XOM: god gift: golden ring {god gift}
 33185 | Snake:1  | Entered Level 1 of the Snake Pit
 33432 | Lair:4   | XOM: noise
 33490 | Snake:1  | XOM: enchant monster (bad)
 33787 | Snake:1  | Noticed Donald
 33789 | Snake:1  | XOM: divination: detect creatures
 33807 | Snake:1  | XOM: enchant monster (good)
 33825 | Snake:1  | Killed Donald
 34046 | Snake:1  | Got a slimy rapier {freeze}
 34047 | Snake:1  | Identified the +6 rapier of Pain and Death {freeze, rElec rPois Stlth+} (You took it off a naga on level 1 of the Snake Pit)
 34148 | Snake:1  | XOM: cast spell 'Summon Butterflies'
 34165 | Snake:1  | XOM: mild Necr miscast
 34313 | Snake:1  | XOM: harmless Conj miscast
 34539 | Snake:1  | XOM: cast spell 'Cause Fear'
 34547 | Snake:1  | XOM: noise
 35074 | Snake:2  | XOM: snakes to sticks
 35455 | Snake:2  | XOM: potion effect (invisibility)
 35512 | Snake:2  | XOM: divination: detect items
 35694 | Snake:2  | XOM: mild Trmt miscast
 35711 | Snake:2  | XOM: cast spell 'Summon Ice Beast'
 35723 | Snake:2  | XOM: noise
 35724 | Snake:2  | XOM: smoke on damage
 35769 | Snake:2  | XOM: medium Hex miscast
 35848 | Snake:2  | XOM: harmless Divn miscast
 36235 | Snake:3  | XOM: cast spell 'Confusing Touch'
 36272 | Snake:3  | XOM: divination: detect creatures
 36347 | Snake:3  | XOM: potion effect (haste)
 36348 | Snake:3  | XOM: 3-stop teleportation journey
 36353 | Snake:3  | XOM: blink monster(s)
 36376 | Snake:3  | XOM: noise
 36540 | Snake:3  | XOM: harmless Fire miscast
 36543 | Snake:3  | XOM: confuse monster(s)
 36555 | Snake:3  | XOM: potion effect (magic)
 36594 | Snake:3  | XOM: potion effect (might)
 36607 | Snake:3  | XOM: enchant monster (good)
 36611 | Snake:3  | Reached XP level 16. HP: 89/134 MP: 24/24
 36851 | Snake:3  | XOM: divination: detect creatures
 36936 | Snake:1  | XOM: divination: detect creatures
 36941 | Snake:1  | XOM: enchant monster (good)
 36959 | Snake:1  | XOM: divination: detect creatures
 36965 | Snake:1  | XOM: snakes to sticks
 37066 | Snake:1  | Reached skill level 5 in Shields
 37170 | Lair:2   | XOM: colour smoke trail
 37246 | Lair:1   | Got a jewelled large shield
 37257 | Lair:1   | Identified the +7 large shield "Onibuts" {Str+5} (You acquired it on level 1 of the Lair of Beasts)
 37305 | Lair:1   | XOM: mild Fire miscast
 37602 | Snake:3  | Found Cenovurr's Antique Armour Emporium.
 37802 | Snake:3  | XOM: summons 4 hostile demons
 37950 | Snake:4  | Entered Level 4 of the Snake Pit
 38031 | Snake:4  | Noticed Vashnia
 38039 | Snake:3  | XOM: repel stairs
 38086 | Snake:3  | XOM: blink monster(s)
 38142 | Snake:4  | XOM: mild Summ miscast
 38144 | Snake:4  | XOM: divination: magic mapping
 38211 | Snake:4  | XOM: 3-stop teleportation journey
 38349 | Snake:3  | XOM: cast spell 'Olgreb's Toxic Radiance'
 38350 | Snake:3  | XOM: harmless Divn miscast
 38583 | Snake:3  | Reached skill level 15 in Fighting
 38586 | Snake:3  | XOM: noise
 38668 | Snake:3  | XOM: enchant monster (bad)
 38710 | Snake:3  | XOM: enchant monster (bad)
 38839 | Snake:4  | XOM: mild Pois miscast
 38841 | Snake:4  | XOM: confuse monster(s)
 38866 | Snake:3  | XOM: blink monster(s)
 38909 | Snake:4  | XOM: harmless Summ miscast
 38931 | Snake:4  | XOM: swap monsters
 39079 | Snake:4  | XOM: confusion
 39094 | Snake:4  | XOM: mild Hex miscast
 39164 | Snake:4  | XOM: confusion
 39217 | Snake:3  | XOM: confuse monster(s)
 39219 | Snake:3  | XOM: summons friendly quasit
 39310 | Snake:3  | XOM: swap monsters
 39341 | Snake:3  | Noticed Vashnia
 39341 | Snake:3  | Vashnia changed into Vashnia the quicksilver dragon
 39341 | Snake:3  | XOM: polymorph Vashnia -> Vashnia the quicksilver dragon
 39355 | Snake:3  | Killed Vashnia the quicksilver dragon
 39439 | Snake:4  | Reached skill level 15 in Dodging
 39533 | Snake:3  | XOM: god gift: runed trident {god gift}
 39596 | Snake:4  | XOM: confuse monster(s)
 39639 | Snake:3  | XOM: god gift: wand of random effects {god gift}
 39651 | Snake:4  | XOM: fog
 39659 | Snake:4  | XOM: noise
 39710 | Snake:4  | XOM: cast spell 'Conjure Ball Lightning'
 39721 | Snake:4  | XOM: summons friendly iron imp
 39826 | Snake:4  | XOM: summons 11 friendly demons
 39846 | Snake:4  | XOM: summons friendly white imp
 39976 | Snake:4  | XOM: confuse monster(s)
 39988 | Snake:4  | XOM: potion effect (brilliance)
 40123 | Snake:3  | XOM: god gift: 3 sling bullets of frost
 40134 | Snake:4  | XOM: enchant monster (good)
 40189 | Snake:4  | XOM: confusion
 40223 | Snake:4  | XOM: polymorph naga warrior -> redback
 40229 | Snake:4  | XOM: noise
 40252 | Snake:3  | XOM: confuse monster(s)
 40399 | Snake:4  | XOM: confuse monster(s)
 40417 | Snake:4  | XOM: confuse monster(s)
 40448 | Snake:4  | XOM: divination: magic mapping
 40474 | Snake:4  | XOM: blink monster(s)
 40558 | Snake:3  | XOM: potion effect (brilliance)
 40632 | Snake:3  | Reached XP level 17. HP: 143/143 MP: 25/25
 40753 | Snake:4  | XOM: 3-stop teleportation journey
 40759 | Snake:4  | XOM: confuse monster(s)
 40776 | Snake:4  | XOM: 1-stop teleportation journey
 41061 | Lair:3   | XOM: fake destruction
 41263 | D:9      | XOM: god gift: scroll of enchant weapon
 41388 | D:4      | Bought a plain deck of summoning for 140 gold pieces
 41388 | D:4      | Bought a wand of fire (7) for 220 gold pieces
 41388 | D:4      | Bought a wand of disintegration (15) for 190 gold pieces
 41432 | D:4      | Bought a scroll of teleportation for 66 gold pieces
 41432 | D:4      | Bought a short smoking rod for 264 gold pieces
 41901 | Snake:2  | XOM: god gift: glowing chain mail {god gift}
 41914 | Snake:2  | XOM: cast spell 'Metabolic Englaciation'
 41918 | Snake:2  | XOM: enchant monster (good)
 41935 | Snake:2  | XOM: summons 3 friendly demons
 41955 | Snake:2  | XOM: enchant monster (good)
 41994 | Snake:3  | XOM: summons friendly quasit
 42045 | Snake:2  | XOM: noise
 42059 | Snake:2  | XOM: chaos upgrade
 42079 | Snake:2  | XOM: colour smoke trail
 42153 | Snake:4  | XOM: enchant monster (good)
 42157 | Snake:4  | XOM: destruction
 42293 | Snake:3  | Reached skill level 16 in Fighting
 42339 | Snake:3  | XOM: god gift: bubbling emerald potion
 42480 | Snake:4  | XOM: summons friendly white imp
 42494 | Snake:3  | XOM: divine lightning (protected)
 42552 | Snake:3  | XOM: god gift: 1820 gold pieces
 42585 | Snake:4  | XOM: summons 10 friendly demons
 42622 | Snake:4  | XOM: enchant monster (bad)
 42923 | Snake:3  | XOM: summons 1 hostile demon
 42950 | Snake:3  | XOM: mild Fire miscast
 42980 | Snake:4  | XOM: potion effect (haste)
 43008 | Snake:3  | XOM: harmless Necr miscast
 43108 | Snake:3  | XOM: polymorph salamander -> moth of wrath
 43208 | Snake:4  | XOM: confusion (+ monsters)
 43254 | Snake:4  | XOM: fog
 43272 | Snake:4  | XOM: polymorph shock serpent -> swamp dragon
 43275 | Snake:3  | XOM: fog
 43354 | Snake:3  | XOM: summons 2 friendly demons
 43411 | Snake:4  | XOM: enchant monster (good)
 43537 | Snake:4  | Got a serpentine rune of Zot
 43648 | Snake:4  | XOM: stat loss: -1 Str (28/29)
 43684 | Snake:4  | XOM: 1-stop teleportation journey
 43775 | Snake:4  | XOM: harmless Tloc miscast
 43799 | Snake:4  | XOM: harmless Ice miscast
 44038 | Snake:3  | Got a transparent dagger
 44047 | Snake:3  | XOM: noise
 44091 | Snake:3  | Identified the cursed +0 dagger of the Blowfly {freeze, Int+5} (You found it on level 3 of the Snake Pit)
 44311 | Lair:1   | XOM: harmless Tloc miscast
 44471 | Lair:3   | Killed a ten-headed hydra
 44547 | Lair:3   | XOM: harmless Ice miscast
 44689 | Lair:3   | XOM: divination: detect creatures
 44935 | Lair:3   | XOM: colour smoke trail
 45295 | Lair:1   | XOM: medium Trmt miscast
 45548 | Orc:4    | Bought a scroll of identify for 20 gold pieces
 45548 | Orc:4    | Bought a scroll of identify for 20 gold pieces
 45548 | Orc:4    | Bought a scroll of fog for 20 gold pieces
 45548 | Orc:4    | Bought a scroll of immolation for 35 gold pieces
 45731 | D:10     | XOM: divination: detect items
 45851 | D:11     | XOM: mild Erth miscast
 46027 | D:12     | Noticed a six-headed hydra
 46039 | D:11     | XOM: noise
 46045 | D:11     | Killed a six-headed hydra
 46524 | D:12     | Killed an unseen horror
 46729 | D:13     | XOM: mild Necr miscast
 46813 | D:13     | XOM: harmless Fire miscast
 46814 | D:13     | XOM: harmless Summ miscast
 46952 | D:13     | XOM: cast spell 'Cause Fear'
 46976 | D:13     | XOM: silly message
 46990 | D:13     | XOM: silly message
 47092 | D:13     | Found a gate to the Vaults.
 47095 | D:13     | XOM: 1-stop teleportation journey
 47107 | D:13     | XOM: summons 7 friendly demons
 47114 | D:13     | XOM: butterfly on damage
 47115 | D:13     | XOM: blink monster(s)
 47272 | D:13     | XOM: mild Erth miscast
 47502 | D:13     | XOM: god gift: 41 gold pieces
 47720 | D:14     | XOM: medium Divn miscast
 47754 | D:14     | XOM: medium Hex miscast
 47848 | D:14     | Noticed Frances
 47866 | D:14     | Killed Frances
 47933 | D:14     | Noticed Rupert
 47944 | D:14     | Killed Rupert
 47944 | D:14     | Reached XP level 18. HP: 119/153 MP: 26/26
 47962 | D:14     | Noticed Roxanne
 47966 | D:14     | XOM: 2-stop teleportation journey
 48140 | D:14     | XOM: noise
 48141 | D:14     | XOM: confusion
 48145 | D:14     | XOM: divination: detect items
 48204 | D:14     | XOM: mild Fire miscast
 48275 | D:14     | Killed Roxanne
 48280 | D:14     | XOM: noise
 48314 | D:13     | XOM: silly message
 48765 | D:14     | Identified Roxanne's Catalogue of Mutagenic Clay (You took it off Roxanne on level 14 of the Dungeon)
 48774 | D:15     | Entered Level 15 of the Dungeon
 48785 | D:15     | XOM: polymorph orc wizard -> giant eyeball
 48787 | D:15     | Paralysed by a giant eyeball for 2 turns
 48794 | D:15     | Paralysed by a giant eyeball for 2 turns
 49184 | D:15     | XOM: repel stairs
 49185 | D:15     | XOM: summons friendly shadow imp
 49329 | D:15     | XOM: noise
 49458 | D:15     | XOM: mild Fire miscast
 49460 | D:15     | Reached skill level 10 in Shields
 49475 | D:15     | XOM: noise
 49504 | D:15     | Found a staircase to the Depths.
 49630 | D:15     | Noticed baghtru's ghost (journeyman MiMo)
 49641 | D:15     | XOM: mild Tloc miscast
 49672 | D:15     | XOM: swap monsters
 49697 | D:15     | XOM: confuse monster(s)
 49721 | D:15     | XOM: harmless Fire miscast
 49727 | D:15     | XOM: severe Necr miscast
 49768 | D:15     | XOM: enchant monster (bad)
 49789 | D:15     | Killed baghtru's ghost
 49867 | D:15     | XOM: medium Tloc miscast
 49914 | D:15     | Found an opulent altar of Gozag.
 49915 | D:15     | XOM: enchant monster (good)
 49954 | D:15     | XOM: summons 2 hostile demons
 50006 | D:15     | XOM: god gift: shiny gold wand {god gift}
 50413 | Lair:4   | XOM: vitrification
 50445 | Lair:4   | XOM: swap monsters
 50541 | Slime:1  | Entered Level 1 of the Pits of Slime
 50611 | Slime:1  | XOM: summons friendly shadow imp
 50618 | Slime:1  | XOM: polymorph slime creature -> eye of devastation
 50928 | Slime:1  | XOM: enchant monster (good)
 51006 | Slime:1  | XOM: 6-stop teleportation journey
 51135 | Slime:1  | XOM: smoke on damage
 51596 | Elf:1    | Entered Level 1 of the Elven Halls
 51638 | Elf:1    | XOM: polymorph deep elf summoner -> guardian serpent
 51659 | Elf:1    | Found a flickering gateway to a bazaar.
 51695 | Bazaar   | Entered a bazaar
 51695 | Bazaar   | Found Luzxaor's General Store.
 51702 | Bazaar   | Found Fafots's Distillery.
 51718 | Bazaar   | Found Guuguf's Antique Armour Emporium.
 51729 | Bazaar   | Found Vysup's Antique Weapon Shop.
 51737 | Bazaar   | Found Ohyg's Gadget Shop.
 51745 | Bazaar   | Bought a plain deck of escape for 154 gold pieces
 51745 | Bazaar   | Bought a wand of heal wounds (5) for 594 gold pieces
 51745 | Bazaar   | Bought a wand of invisibility (4) for 88 gold pieces
 51747 | Bazaar   | Bought a +4 rod of ignition (12/12) for 1138 gold pieces
 51764 | Bazaar   | Bought a jewelled hunting sling for 169 gold pieces
 51764 | Bazaar   | Identified the +7 hunting sling of Winter {velocity, Int+3} (You bought it in a shop in a bazaar)
 51765 | Bazaar   | Bought a smoking hunting sling for 169 gold pieces
 51765 | Bazaar   | Identified the +3 hunting sling of Fate {venom, Str-3 Int+3} (You bought it in a shop in a bazaar)
 51780 | Bazaar   | Bought a scroll of remove curse for 27 gold pieces
 51780 | Bazaar   | Bought a scroll of identify for 18 gold pieces
 51780 | Bazaar   | Bought a sack of spiders for 180 gold pieces
 51840 | Bazaar   | Bought a faintly glowing rapier for 234 gold pieces
 51840 | Bazaar   | Identified the +8 rapier "Ydoudejo" {pierce, rF- MP+9 SInv} (You bought it in a shop in a bazaar)
 52051 | D:10     | Noticed a hill giant
 52058 | D:10     | Killed a hill giant
 52174 | D:10     | XOM: vitrification
 52179 | D:10     | XOM: divination: detect items
 52358 | Elf:1    | XOM: 2-stop teleportation journey
 52756 | Elf:1    | XOM: 2-stop teleportation journey
 52833 | Elf:1    | XOM: summons friendly crimson imp
 52842 | Elf:1    | XOM: swap monsters
 52903 | Elf:1    | XOM: god gift: wand of confusion {god gift}
 52911 | Elf:1    | XOM: confuse monster(s)
 52943 | Elf:1    | XOM: enchant monster (good)
 52979 | Elf:1    | Got a heavily runed chain mail
 53018 | Elf:1    | Identified the +5 chain mail "Uqaesor" {Int+4 Dex-4} (You took it off a deep elf high priest on level 1 of the Elven Halls)
 53075 | Elf:1    | XOM: harmless Necr miscast
 53291 | Elf:2    | XOM: cast spell 'Summon Horrible Things'
 53441 | Elf:2    | XOM: enchant monster (good)
 53506 | Elf:2    | Found a runed gate.
 53506 | Elf:2    | Found a runed gate.
 53506 | Elf:2    | Found a runed gate.
 53837 | Lair:1   | XOM: colour smoke trail
 54165 | Elf:2    | XOM: scenery: 1 doors open
 54180 | Elf:2    | XOM: potion effect (agility)
 54473 | Elf:3    | Entered Level 3 of the Elven Halls
 54473 | Elf:3    | Found Luyq's Gadget Shop.
 54503 | Elf:3    | Found a deep blue altar of Sif Muna.
 54585 | Elf:3    | Bought a legendary deck of summoning for 390 gold pieces
 54639 | Elf:3    | XOM: divination: detect creatures
 54715 | Elf:3    | Reached XP level 19. HP: 148/159 MP: 28/28
 54717 | Elf:3    | XOM: confuse monster(s)
 54931 | Elf:3    | XOM: god gift: robe {god gift}
 55353 | Elf:3    | XOM: silly message
 55382 | Elf:3    | XOM: polymorph deep elf blademaster -> shadow dragon
 55464 | Elf:3    | XOM: noise
 55490 | Elf:3    | XOM: mild Air miscast
 55495 | Elf:3    | XOM: summons friendly ynoxinul
 55553 | Elf:3    | XOM: confusion
 55624 | Elf:3    | XOM: mild Summ miscast
 55672 | Elf:3    | Reached skill level 17 in Dodging
 55717 | Elf:3    | XOM: colour smoke trail
 55752 | Elf:3    | XOM: enchant monster (good)
 55849 | Elf:3    | XOM: harmless Tloc miscast
 55918 | Elf:2    | Got a jewelled morningstar {venom}
 55919 | Elf:2    | Identified the cursed +0 morningstar "Xaen" {venom, Int+4} (You took it off a deep elf death mage on level 2 of the Elven Halls)
 56086 | Elf:3    | XOM: confuse monster(s)
 56152 | Elf:3    | XOM: smoke on damage
 56259 | Elf:3    | Got a dazzling plate armour
 56265 | Elf:3    | Identified the +6 plate armour of the Doldrums {rN+ MP+9 Slay+2} (You took it off a deep elf blademaster on level 3 of the Elven Halls)
 56362 | Elf:3    | XOM: summons 3 friendly demons
 56481 | Elf:3    | Got a twisted scale mail
 56482 | Elf:3    | Identified the cursed +1 scale mail of Imperfection {rPois Str+2 Stlth-} (You found it on level 3 of the Elven Halls)
 56771 | D:9      | XOM: harmless Fire miscast
 56974 | D:9      | XOM: medium Pois miscast
 57222 | Elf:3    | XOM: divination: detect creatures
 57524 | D:10     | XOM: silly message
 57647 | Lair:1   | XOM: colour smoke trail
 57768 | Shoals:1 | Entered Level 1 of the Shoals
 58095 | Lair:1   | XOM: medium Chrm miscast
 59017 | Shoals:1 | XOM: silly message
 59108 | Shoals:1 | XOM: summons 9 hostile demons
 59172 | Shoals:2 | XOM: enchant monster (bad)
 59258 | Shoals:2 | XOM: mild Chrm miscast
 59288 | Shoals:2 | XOM: chaos cloud
 59343 | Shoals:2 | XOM: severe Fire miscast
 59349 | Shoals:2 | XOM: severe Conj miscast
 59410 | Shoals:2 | XOM: stat loss: -1 Dex (20/21)
 59414 | Shoals:2 | XOM: enchant monster (bad)
 59415 | Shoals:2 | XOM: mild Trmt miscast
 59444 | Shoals:2 | XOM: chaos upgrade
 59554 | Shoals:2 | XOM: noise
 59668 | Shoals:2 | XOM: 2-stop teleportation journey
 59773 | Shoals:2 | XOM: cast spell 'Blink'
 59977 | Shoals:3 | XOM: harmless Trmt miscast
 60114 | Lair:3   | XOM: harmless Air miscast
 60279 | Lair:3   | XOM: harmless Pois miscast
 60414 | Shoals:3 | XOM: potion effect (invisibility)
 60426 | Shoals:3 | XOM: potion effect (agility)
 60435 | Shoals:3 | XOM: potion effect (magic)
 60446 | Shoals:3 | XOM: potion effect (might)
 60510 | Shoals:3 | XOM: silly message
 60641 | Shoals:3 | XOM: potion effect (invisibility)
 60678 | Shoals:3 | XOM: potion effect (heal wounds)
 60794 | Shoals:4 | Entered Level 4 of the Shoals
 61242 | Shoals:1 | XOM: divination: magic mapping
 61279 | Shoals:3 | Reached XP level 20. HP: 166/166 MP: 30/30
 61287 | Shoals:3 | XOM: harmless Fire miscast
 61352 | Shoals:3 | XOM: mild Pois miscast
 61724 | Shoals:3 | XOM: mild Divn miscast
 61872 | Shoals:4 | XOM: repel stairs
 61895 | Shoals:4 | XOM: polymorph merfolk aquamancer -> emperor scorpion
 61937 | Shoals:4 | Found Fuon's Weapon Emporium.
 62027 | Shoals:4 | XOM: destruction
 62032 | Shoals:4 | Noticed Nikola
 62033 | Shoals:4 | XOM: swap monsters
 62044 | Shoals:4 | XOM: summons 12 friendly demons
 62049 | Shoals:4 | Killed Nikola
 62051 | Shoals:4 | Noticed Ilsuiw
 62057 | Shoals:4 | XOM: cast spell 'Shadow Creatures'
 62076 | Shoals:4 | XOM: polymorph spider -> hog
 62101 | Shoals:4 | Killed Ilsuiw
 62239 | Shoals:4 | XOM: confuse monster(s)
 62346 | Shoals:3 | XOM: colour smoke trail
 62358 | Shoals:4 | XOM: vitrification
 62450 | Shoals:4 | XOM: enchant monster (bad)
 62461 | Shoals:4 | XOM: noise
 62479 | Shoals:4 | XOM: enchant monster (good)
 62644 | Shoals:4 | XOM: enchant monster (bad)
 62645 | Shoals:4 | XOM: swap monsters
 62762 | Shoals:4 | Got a barnacled rune of Zot
 62820 | Shoals:4 | XOM: harmless Erth miscast
 63094 | Shoals:4 | XOM: polymorph harpy -> orb spider
 63452 | Vaults:1 | Entered Level 1 of the Vaults
 63690 | Vaults:1 | XOM: polymorph vault guard -> vault guard
 63697 | Vaults:1 | Found a magical portal.
 63713 | WizLab   | Entered Cigotuvi's Fleshworks
 63881 | WizLab   | XOM: 1-stop teleportation journey
 63940 | WizLab   | XOM: silly message
 64022 | WizLab   | XOM: colour smoke trail
 64075 | WizLab   | XOM: 1-stop teleportation journey
 64093 | WizLab   | Identified the Guide on Changing and Clay
 64095 | WizLab   | Identified Cigotuvi's Compendium of Black Arts
 64131 | WizLab   | Paralysed by a giant eyeball for 2 turns
 64133 | WizLab   | XOM: divine lightning
 64136 | WizLab   | Paralysed by a giant eyeball for 3 turns
 64146 | WizLab   | Paralysed by a giant eyeball for 3 turns
 64170 | WizLab   | Paralysed by a giant eyeball for 3 turns
 64171 | WizLab   | XOM: summons 4 friendly demons
 64264 | WizLab   | Paralysed by a giant eyeball for 2 turns
 64369 | WizLab   | XOM: polymorph death drake -> manticore
 64370 | WizLab   | XOM: swap monsters
 64393 | WizLab   | XOM: snakes to sticks
 64401 | WizLab   | XOM: divination: magic mapping
 64703 | WizLab   | XOM: divination: detect items
 64709 | WizLab   | XOM: confuse monster(s)
 64728 | WizLab   | XOM: colour smoke trail
 65251 | WizLab   | XOM: enchant monster (good)
 65255 | WizLab   | Reached skill level 18 in Dodging
 65428 | Vaults:1 | XOM: confuse monster(s)
 65546 | Vaults:1 | XOM: confuse monster(s)
 65608 | Vaults:1 | XOM: summons 10 friendly demons
 65847 | D:12     | XOM: fog
 66077 | Vaults:1 | Reached XP level 21. HP: 143/169 MP: 31/31
 66105 | Vaults:1 | XOM: summons 9 friendly demons
 66135 | Vaults:1 | XOM: polymorph centaur warrior -> snapping turtle
 66231 | Vaults:1 | Reached skill level 15 in Armour
 66525 | Vaults:1 | Found a gateway to a bazaar.
 66537 | Vaults:1 | XOM: 2-stop teleportation journey
 66774 | Vaults:1 | XOM: confuse monster(s)
 66895 | Vaults:1 | XOM: swap monsters
 66904 | Vaults:1 | XOM: destruction
 67369 | Vaults:1 | XOM: colour smoke trail
 67895 | Lair:3   | XOM: mild Fire miscast
 68338 | D:4      | Bought a wand of confusion (21) for 172 gold pieces
 68639 | Vaults:2 | XOM: vitrification
 68672 | Vaults:2 | XOM: enchant monster (bad)
 68728 | Vaults:2 | XOM: summons friendly iron imp
 68983 | Vaults:2 | Reached skill level 15 in Evocations
 69051 | Vaults:2 | XOM: 1-stop teleportation journey
 69080 | Vaults:2 | XOM: swap monsters
 69165 | Vaults:2 | XOM: enchant monster (good)
 69235 | Vaults:2 | XOM: divination: detect items
 69247 | Vaults:2 | XOM: god gift: 22 stones
 69328 | Vaults:2 | XOM: colour smoke trail
 69369 | Vaults:2 | XOM: god gift: dire flail {god gift}
 69423 | Vaults:2 | XOM: summons 2 friendly demons
 69530 | Vaults:2 | XOM: summons friendly white imp
 69673 | Vaults:2 | XOM: scenery: 1 doors close
 69778 | Vaults:2 | XOM: polymorph orc knight -> komodo dragon
 70348 | Vaults:3 | XOM: god gift: wand of lightning {god gift}
 70379 | Vaults:3 | Noticed Asterion
 70393 | Vaults:3 | Killed Asterion
 70450 | Vaults:3 | XOM: confuse monster(s)
 70477 | Vaults:3 | XOM: silly message
 70614 | Vaults:3 | XOM: divination: magic mapping
 70710 | Vaults:3 | Found a staircase to the Crypt.
 70710 | Vaults:3 | Found a basalt altar of Yredelemnul.
 70711 | Vaults:3 | Found an ancient bone altar of Kikubaaqudgha.
 70810 | Vaults:3 | XOM: potion effect (heal wounds)
 70810 | Vaults:3 | Found a portal to a secret trove of treasure.
 70905 | Vaults:3 | XOM: confuse monster(s)
 70908 | Vaults:3 | Reached XP level 22. HP: 143/179 MP: 33/33
 70923 | Vaults:3 | XOM: colour smoke trail
 70973 | Vaults:3 | XOM: harmless Erth miscast
 71187 | Vaults:3 | XOM: summons 6 friendly demons
 71281 | Vaults:3 | XOM: enchant monster (good)
 71597 | Vaults:4 | XOM: silly message
 71641 | Vaults:4 | XOM: summons friendly quasit
 71698 | Vaults:4 | Found Dyvvuaho's Weapon Boutique.
 71793 | Vaults:4 | XOM: cast spell 'Discord'
 72070 | Vaults:3 | XOM: colour smoke trail
 72143 | Vaults:4 | XOM: mild Pois miscast
 72283 | Vaults:4 | XOM: noise
 72398 | Vaults:4 | XOM: enchant monster (bad)
 72451 | Vaults:4 | XOM: harmless Pois miscast
 72544 | Vaults:4 | XOM: summons friendly quasit
 72597 | Vaults:4 | XOM: harmless Trmt miscast
 72685 | Vaults:4 | XOM: scenery: 1 doors close
 72704 | Vaults:4 | XOM: confuse monster(s)
 72713 | Vaults:4 | XOM: god gift: runed spear {god gift}
 72795 | Vaults:4 | XOM: god gift: 54 gold pieces
 72861 | Vaults:4 | XOM: divination: detect creatures
 73052 | Vaults:4 | XOM: summons friendly quasit
 73079 | Vaults:4 | XOM: scenery: 5 doors close
 73459 | Vaults:3 | XOM: polymorph deep elf priest -> komodo dragon
 73655 | Depths:1 | Entered Level 1 of the Depths
 73694 | Depths:1 | XOM: destruction
 73703 | Depths:1 | XOM: confuse monster(s)
 73729 | Depths:1 | XOM: confuse monster(s)
 73738 | Depths:1 | XOM: potion effect (curing)
 73741 | Depths:1 | XOM: blink monster(s)
 73780 | Depths:1 | XOM: summons 2 friendly demons
 73903 | Depths:1 | XOM: cast spell 'Summon Small Mammal'
 73959 | Depths:1 | XOM: summons friendly shadow imp
 74222 | Depths:1 | Found a gateway to Hell.
 74254 | Depths:1 | Found a shimmering altar of Xom.
 74314 | Depths:1 | XOM: summons friendly shadow imp
 74319 | Depths:1 | XOM: god gift: bread ration
 74410 | Depths:1 | XOM: enchant monster (good)
 74912 | Depths:1 | Found a one-way gate to the infinite horrors of the Abyss.
 75228 | Depths:1 | XOM: confuse monster(s)
 75350 | Depths:1 | XOM: chaos upgrade
 75351 | Depths:1 | XOM: swap monsters
 75355 | Depths:1 | XOM: potion effect (agility)
 75360 | Depths:1 | XOM: enchant monster (good)
 75767 | Depths:1 | XOM: harmless Ice miscast
 75852 | Depths:1 | XOM: cast spell 'Excruciating Wounds'
 75858 | Depths:1 | Reached XP level 23. HP: 152/186 MP: 35/35
 76146 | Bazaar   | Entered a bazaar
 76164 | Bazaar   | Found Raydin's Gadget Shoppe.
 76164 | Bazaar   | Found Eraj's Jewellery Emporium.
 76186 | Bazaar   | Found Zorusaat's Magic Scroll Shoppe.
 76196 | Bazaar   | Bought a scroll of blinking for 112 gold pieces
 76196 | Bazaar   | Bought a scroll of recharging for 142 gold pieces
 76207 | Bazaar   | Found Qeucoovi's Antique Weapon Shoppe.
 76207 | Bazaar   | Found Xuacs's Armour Emporium.
 76275 | Bazaar   | Bought a plain deck of summoning for 168 gold pieces
 76281 | Bazaar   | Bought the cursed ring of Duvoef {Str-3 Slay+5 SInv} for 401 gold pieces
 76294 | Bazaar   | Bought a +8 lightning rod (14/14) for 1478 gold pieces
 76308 | Bazaar   | Bought a scroll of teleportation for 45 gold pieces
 76322 | Bazaar   | Bought a sack of spiders for 240 gold pieces
 77024 | Crypt:1  | Entered Level 1 of the Crypt
 77026 | Crypt:1  | XOM: enchant monster (bad)
 77038 | Crypt:1  | XOM: summons 6 hostile demons
 77162 | Crypt:1  | XOM: fog
 77231 | Crypt:1  | XOM: colour smoke trail
 77340 | Crypt:1  | XOM: confusion
 77960 | Vaults:3 | XOM: scenery: 1 doors close
 78035 | Crypt:1  | Noticed a greater mummy
 78042 | Crypt:1  | Reached skill level 15 in Shields
 78064 | Crypt:1  | XOM: potion effect (agility)
 78093 | Crypt:1  | XOM: silly message
 78196 | Crypt:1  | XOM: potion effect (invisibility)
 78213 | Crypt:1  | Killed a greater mummy
 78339 | Crypt:1  | XOM: mild Divn miscast
 78376 | Crypt:1  | Noticed a greater mummy
 78388 | Crypt:1  | XOM: cast spell 'Dispersal'
 78399 | Crypt:1  | XOM: divination: detect items
 78425 | Crypt:1  | XOM: cast spell 'Blink'
 78432 | Crypt:1  | XOM: cast spell 'Blink'
 78481 | Crypt:1  | XOM: potion effect (might)
 78508 | Crypt:1  | Killed a greater mummy
 78535 | Crypt:1  | Got a scorched trident {freeze}
 78536 | Crypt:1  | Identified the cursed +2 trident of the Turnip {freeze, *Corrode rF+ Int+7 Stlth+} (You took it off a guardian mummy on level 1 of the Crypt)
 78550 | Crypt:1  | Got a warped bronze ring
 78552 | Crypt:1  | Identified the ring of Ciefac {rC+ MR- Dex+4 Slay+6} (You found it on level 1 of the Crypt)
 78557 | Crypt:1  | Got a smoking dagger
 78561 | Crypt:1  | Identified the +8 dagger of Terra Cotta {holy, rC- MR+++ Str+2 Int+3} (You found it on level 1 of the Crypt)
 78617 | Crypt:1  | Noticed Wiglaf
 78628 | Crypt:1  | XOM: potion effect (haste)
 78635 | Crypt:1  | Killed Wiglaf
 78771 | Vaults:3 | XOM: harmless Hex miscast
 78801 | Vaults:3 | XOM: silly message
 78840 | Vaults:2 | XOM: summons 11 hostile demons
 78973 | Lair:1   | XOM: mild Pois miscast
 79161 | Vaults:3 | XOM: colour smoke trail
 79558 | Vaults:3 | XOM: mild Tloc miscast
 79812 | Crypt:1  | XOM: 3-stop teleportation journey
 79825 | Crypt:1  | XOM: enchant monster (bad)
 79827 | Crypt:1  | XOM: 1-stop teleportation journey
 79835 | Crypt:1  | XOM: silly message
 80014 | Crypt:1  | XOM: silly message
 80151 | Crypt:2  | Identified Sif Muna's Catalogue of Damaging Translocation
 80232 | Crypt:2  | XOM: confusion
 80309 | Crypt:2  | XOM: enchant monster (bad)
 80324 | Crypt:2  | XOM: 1-stop teleportation journey
 80329 | Crypt:2  | XOM: noise
 80330 | Crypt:2  | Noticed Mennas
 80331 | Crypt:2  | Noticed Xtahua
 80352 | Crypt:2  | XOM: 1-stop teleportation journey
 80353 | Crypt:2  | Noticed Sojobo
 80353 | Crypt:2  | XOM: butterfly on damage
 80354 | Crypt:2  | XOM: noise
 80358 | Crypt:2  | XOM: chaos cloud
 80517 | Crypt:2  | XOM: chaos upgrade
 80520 | Crypt:2  | XOM: medium Pois miscast
 80565 | Crypt:2  | Killed Mennas
 80643 | Crypt:2  | Killed Xtahua
 80672 | Crypt:2  | XOM: polymorph tengu reaver -> fire giant
 80673 | Crypt:2  | Killed Sojobo
 80856 | Crypt:2  | XOM: enchant monster (good)
 80862 | Crypt:2  | XOM: summons 6 friendly demons
 80865 | Crypt:2  | XOM: summons 1 friendly demon
 80949 | Crypt:2  | XOM: vitrification
 80965 | Crypt:2  | XOM: summons friendly quasit
 81070 | Vaults:3 | XOM: scenery: 2 doors close
 81090 | Vaults:1 | XOM: medium Chrm miscast
 81094 | Vaults:1 | XOM: mild Chrm miscast
 81422 | Crypt:1  | XOM: vitrification
 81483 | Crypt:2  | XOM: god gift: shimmering amethyst amulet {god gift}
 81484 | Crypt:2  | Got a shimmering amethyst amulet {god gift}
 81486 | Crypt:2  | Identified the amulet "Kiheob" {Clar +Fly rElec rPois rC-} (Xom gifted it to you on level 2 of the Crypt)
 81542 | Vaults:3 | XOM: god gift: 39 gold pieces
 82261 | Crypt:3  | Entered Level 3 of the Crypt
 82322 | Crypt:3  | XOM: god gift: 20 gold pieces
 82494 | Crypt:3  | Found a staircase to the Tomb.
 82618 | Crypt:3  | XOM: enchant monster (bad)
 82625 | Crypt:3  | XOM: blink monster(s)
 82626 | Crypt:3  | XOM: harmless Tloc miscast
 82641 | Crypt:3  | XOM: blink monster(s)
 82645 | Crypt:3  | XOM: summons 7 friendly demons
 82752 | Crypt:3  | XOM: mild Conj miscast
 82763 | Crypt:3  | XOM: summons friendly shadow imp
 82975 | Crypt:3  | XOM: confuse monster(s)
 82977 | Crypt:3  | XOM: enchant monster (good)
 83013 | Crypt:3  | XOM: god gift: 17 gold pieces
 83155 | Crypt:1  | XOM: colour smoke trail
 83281 | D:13     | XOM: 5-stop teleportation journey
 83630 | Crypt:3  | Identified a +3 rod of shadows (10/10) (You found it on level 3 of the Crypt)
 83634 | Crypt:3  | Got a translucent short sword
 83635 | Crypt:3  | Identified the +5 short sword "Qodwak" {freeze, +Fly rElec rF+ Int-4} (You found it on level 3 of the Crypt)
 83637 | Crypt:3  | Got a bound brass ring
 83637 | Crypt:3  | Got a flickering lapis lazuli ring
 83639 | Crypt:3  | Identified the ring "Mepaa" {rElec rN+ Int+5} (You found it on level 3 of the Crypt)
 83641 | Crypt:3  | Identified the ring "Zaguskomm" {*Corrode rC+ rN+ MP+9} (You found it on level 3 of the Crypt)
 83643 | Crypt:3  | Got a twitching platinum ring
 83645 | Crypt:3  | Identified the ring "Wittinua" {+Blink rPois rN+} (You found it on level 3 of the Crypt)
 83651 | Crypt:3  | Got a coiled tin ring
 83653 | Crypt:3  | Identified the ring "Ugyryite" {+Inv EV+2 Int-4 Dex+2} (You found it on level 3 of the Crypt)
 83681 | Crypt:3  | XOM: silly message
 83967 | Lair:1   | XOM: mild Divn miscast
 84037 | D:13     | XOM: noise
 84193 | Crypt:1  | XOM: harmless Necr miscast
 84403 | Crypt:3  | XOM: noise
 84408 | Crypt:3  | Reached XP level 24. HP: 193/193 MP: 36/36
 84424 | Crypt:3  | XOM: summons 7 friendly demons
 85091 | Elf:3    | XOM: scenery: create altars
 85377 | D:10     | XOM: scenery: 4 doors close
 85584 | Lair:6   | XOM: god gift: scroll of vulnerability
 85655 | Lair:6   | XOM: silly message
 85724 | Lair:6   | XOM: silly message
 86107 | Depths:2 | XOM: scenery: 1 fountains blood, 2 doors open
 86351 | Depths:2 | XOM: divination: magic mapping
 86491 | Depths:2 | XOM: butterfly on damage
 86680 | Depths:2 | XOM: potion effect (agility)
 86733 | Depths:1 | XOM: divination: detect creatures
 86796 | Depths:2 | XOM: cast spell 'Cause Fear'
 86796 | Depths:2 | XOM: butterfly on damage
 86900 | Depths:1 | XOM: harmless Necr miscast
 86943 | Depths:2 | XOM: harmless Fire miscast
 87054 | Depths:2 | XOM: summons friendly crimson imp
 87236 | Depths:2 | Got a translucent dagger
 87237 | Depths:2 | Identified the +7 dagger "Murcheq" {pierce, rF+ Str+3 Dex+3} (You found it on level 2 of the Depths)
 87460 | D:11     | XOM: noise
 87831 | Slime:1  | XOM: summons friendly ufetubus
 87850 | Slime:1  | XOM: noise
 87856 | Slime:1  | XOM: harmless Ice miscast
 88144 | Slime:1  | XOM: mild Summ miscast
 88184 | Slime:1  | XOM: divination: detect creatures
 88211 | Slime:1  | XOM: divination: magic mapping
 88517 | Slime:2  | XOM: chaos cloud
 88604 | Slime:1  | Reached skill level 19 in Dodging
 89131 | Slime:2  | XOM: polymorph acid blob -> titan
 89135 | Slime:2  | XOM: 1-stop teleportation journey
 89350 | Slime:3  | XOM: enchant monster (bad)
 89356 | Slime:3  | XOM: divination: detect items
 89492 | Slime:3  | XOM: 1-stop teleportation journey
 90127 | Slime:4  | XOM: stat loss: -1 Str (23/24)
 90308 | Slime:3  | XOM: enchant monster (bad)
 91246 | Slime:4  | XOM: polymorph slime creature -> satyr
 91426 | Slime:6  | Entered Level 6 of the Pits of Slime
 91569 | Slime:6  | XOM: noise
 91672 | Slime:6  | Noticed the royal jelly
 91782 | Lair:6   | XOM: harmless Summ miscast
 92307 | Slime:1  | XOM: cast spell 'Summon Butterflies'
 92806 | Slime:6  | XOM: mild Air miscast
 92938 | Slime:6  | XOM: harmless Chrm miscast
 92946 | Slime:6  | XOM: silly message
 93081 | Slime:6  | XOM: smoke on damage
 93089 | Slime:5  | XOM: swap monsters
 93094 | Slime:5  | Reached skill level 20 in Evocations
 93127 | Slime:5  | XOM: 3-stop teleportation journey
 93143 | Slime:5  | XOM: cast spell 'Confusing Touch'
 93285 | Slime:6  | XOM: 1-stop teleportation journey
 93303 | Slime:6  | XOM: enchant monster (good)
 93562 | Slime:6  | Reached XP level 25. HP: 184/190 MP: 37/37
 93705 | Slime:6  | XOM: repel stairs
 93707 | Slime:6  | Noticed a juggernaut shaped Royal Jelly
 93707 | Slime:6  | the royal jelly changed into a juggernaut shaped Royal Jelly
 93707 | Slime:6  | XOM: polymorph acid blob -> caustic shrike
 93715 | Slime:6  | XOM: enchant monster (good)
 94341 | Slime:6  | XOM: polymorph great orb of eyes -> alligator
 94477 | Slime:6  | XOM: noise
 94494 | Slime:6  | Killed a juggernaut shaped Royal Jelly
 94535 | Slime:6  | XOM: enchant monster (bad)
 94542 | Slime:6  | XOM: blink monster(s)
 94556 | Slime:6  | XOM: summons friendly shadow imp
 94565 | Slime:6  | XOM: enchant monster (bad)
 94589 | Slime:6  | XOM: blink monster(s)
 94598 | Slime:5  | XOM: summons 10 friendly demons
 94612 | Slime:5  | XOM: confuse monster(s)
 94620 | Slime:5  | XOM: cast spell 'Shadow Creatures'
 94662 | Slime:6  | XOM: smoke on damage
 94946 | Lair:2   | XOM: medium Necr miscast
 94959 | Lair:1   | XOM: colour smoke trail
 95092 | Lair:3   | XOM: harmless Pois miscast
 95241 | Slime:4  | XOM: divination: detect creatures
 95642 | Slime:6  | XOM: colour smoke trail
 95756 | Slime:6  | Got a bound brass ring
 95767 | Slime:6  | Identified a +2 rod of clouds (14/14) (You found it on level 6 of the Pits of Slime)
 95786 | Slime:6  | Identified Ozocubu's Grimoire of the Glacier
 95872 | Slime:6  | Got a slimy rune of Zot
 95874 | Slime:6  | Identified the Compendium of Helpful Curses
 95879 | Slime:6  | Got a warped dire flail
 95884 | Slime:6  | Identified the ring of Relativism {rPois rF+ rN+} (You found it on level 6 of the Pits of Slime)
 95897 | Slime:6  | Got an encrusted ring mail
 95908 | Slime:6  | Identified the cursed +1 ring mail of the Original Sin {Str+5} (You found it on level 6 of the Pits of Slime)
 96216 | Lair:1   | Identified the +8 dire flail "Liqol" {crush, +Blink +Fly rPois MP-9} (You found it on level 6 of the Pits of Slime)
 96216 | Lair:1   | XOM: harmless Pois miscast
 96488 | Depths:2 | XOM: harmless Hex miscast
 96563 | Depths:2 | XOM: harmless Ice miscast
 96710 | Depths:2 | Found a gateway to a ziggurat.
 96793 | Depths:3 | XOM: potion effect (curing)
 96794 | Depths:3 | XOM: noise
 96797 | Depths:3 | Noticed a juggernaut
 97119 | Depths:2 | XOM: mild Pois miscast
 97185 | Depths:2 | XOM: smoke on damage
 97302 | Depths:3 | XOM: mild Conj miscast
 97312 | Depths:2 | XOM: repel stairs
 97313 | Depths:2 | XOM: mild Fire miscast
 97318 | Depths:2 | a juggernaut changed into a golden dragon
 97318 | Depths:2 | XOM: polymorph juggernaut -> golden dragon
 97391 | Depths:2 | XOM: chaos cloud
 97438 | Depths:3 | XOM: noise
 97538 | Depths:2 | XOM: mild Tloc miscast
 97542 | Depths:2 | XOM: enchant monster (good)
 97592 | Depths:2 | XOM: silly message
 97646 | Depths:3 | XOM: confuse monster(s)
 97651 | Depths:3 | Noticed a juggernaut
 97664 | Depths:2 | XOM: enchant monster (good)
 97723 | Depths:2 | Killed a juggernaut
 97749 | Depths:2 | XOM: harmless Chrm miscast
 97846 | Depths:2 | XOM: smoke on damage
 97929 | Depths:3 | XOM: harmless Necr miscast
 97930 | Depths:3 | XOM: polymorph caustic shrike -> caustic shrike
 97940 | Depths:2 | XOM: summons friendly quasit
 97943 | Depths:2 | XOM: noise
 98205 | Depths:3 | XOM: repel stairs
 98207 | Depths:3 | Noticed a juggernaut
 98207 | Depths:3 | XOM: summons friendly shadow imp
 98239 | Depths:3 | XOM: silly message
 98434 | Depths:3 | XOM: noise
 98454 | Depths:3 | XOM: enchant monster (bad)
 98458 | Depths:2 | XOM: enchant monster (bad)
 98615 | Depths:3 | XOM: smoke on damage
 98828 | Depths:3 | XOM: noise
 98830 | Depths:3 | XOM: 1-stop teleportation journey
 99053 | Depths:3 | Killed a juggernaut
 99710 | Depths:3 | XOM: divination: magic mapping
100123 | Depths:3 | Found a one-way gate leading to the halls of Pandemonium.
100328 | D:15     | XOM: scenery: create altars
100544 | D:15     | XOM: stat loss: -1 Dex (16/17)
100681 | Depths:3 | XOM: summons 11 hostile demons
100714 | Depths:3 | XOM: harmless Fire miscast
100717 | Depths:3 | XOM: medium Hex miscast
100722 | Depths:3 | XOM: harmless Summ miscast
100735 | Depths:3 | XOM: summons friendly crimson imp
100741 | Depths:3 | XOM: noise
101042 | Depths:3 | XOM: colour smoke trail
101063 | Depths:4 | XOM: butterfly on damage
101067 | Depths:4 | XOM: harmless Tloc miscast
101233 | Depths:3 | XOM: colour smoke trail
101238 | Depths:3 | XOM: mild Ice miscast
101494 | Depths:3 | XOM: colour smoke trail
101509 | Depths:4 | XOM: summons 10 hostile demons
101596 | Depths:4 | XOM: noise
101605 | Depths:4 | XOM: mild Divn miscast
101660 | Depths:4 | XOM: divination: detect creatures
101768 | Depths:4 | XOM: confuse monster(s)
101790 | Depths:4 | Gained mutation: You are strongly in touch with the powers of death. [Mummy growth]
101790 | Depths:4 | Reached XP level 26. HP: 147/211 MP: 37/37
101807 | Depths:4 | XOM: cast spell 'Warp Weapon'
101811 | Depths:4 | XOM: enchant monster (bad)
101878 | Depths:4 | XOM: blink monster(s)
102347 | Depths:4 | XOM: 1-stop teleportation journey
102389 | Depths:4 | Found a runed door.
102607 | Depths:4 | XOM: mild Fire miscast
102655 | Depths:4 | XOM: blink monster(s)
102660 | Depths:4 | XOM: confuse monster(s)
102694 | Depths:4 | XOM: polymorph kobold demonologist -> human
102701 | Depths:4 | XOM: 2-stop teleportation journey
102716 | Depths:4 | XOM: swap monsters
102732 | Depths:4 | XOM: polymorph salamander -> komodo dragon
103012 | Depths:4 | XOM: potion effect (brilliance)
103325 | Depths:4 | Noticed an ancient lich
103327 | Depths:4 | XOM: potion effect (agility)
103330 | Depths:4 | XOM: silly message
103335 | Depths:4 | Killed an ancient lich
104090 | Depths:3 | XOM: silly message
104117 | Depths:5 | Entered Level 5 of the Depths
104117 | Depths:5 | Noticed a juggernaut
104672 | D:15     | XOM: harmless Necr miscast
104857 | D:15     | XOM: silly message
104937 | D:13     | XOM: harmless Erth miscast
104986 | D:11     | XOM: harmless Air miscast
105071 | D:15     | XOM: silly message
105080 | D:15     | XOM: colour smoke trail
105203 | Depths:4 | XOM: enchant monster (bad)
105215 | Depths:4 | XOM: confuse monster(s)
105392 | Depths:4 | XOM: enchant monster (good)
105423 | Depths:4 | XOM: confuse monster(s)
106197 | Depths:4 | XOM: enchant monster (good)
106285 | Depths:5 | XOM: polymorph deep troll earth mage -> great orb of eyes
106366 | Depths:5 | Noticed a juggernaut
106377 | Depths:5 | Killed a juggernaut
106393 | Depths:5 | XOM: 4-stop teleportation journey
106461 | Depths:5 | XOM: cast spell 'Conjure Ball Lightning'
106472 | Depths:5 | Killed a juggernaut
106885 | Depths:5 | XOM: divination: detect creatures
106888 | Depths:5 | Noticed Jorgrun
106898 | Depths:5 | Killed Jorgrun
106957 | Depths:5 | XOM: summons friendly iron imp
107054 | Depths:5 | XOM: potion effect (curing)
107060 | Depths:5 | XOM: confuse monster(s)
107109 | Depths:5 | XOM: summons friendly shadow imp
107296 | D:15     | XOM: medium Chrm miscast
107839 | Depths:5 | XOM: silly message
107859 | Depths:5 | XOM: chaos cloud
107889 | Depths:5 | XOM: harmless Erth miscast
107911 | Depths:5 | XOM: mild Tloc miscast
108048 | Depths:5 | Found a gate to the Realm of Zot.
108172 | Depths:2 | XOM: severe Pois miscast
108451 | Lair:2   | XOM: mild Ice miscast
108822 | Vaults:5 | Entered Level 5 of the Vaults
108822 | Vaults:5 | XOM: 4-stop teleportation journey
108849 | Vaults:5 | XOM: chaos cloud
108851 | Vaults:5 | XOM: enchant monster (bad)
108855 | Vaults:5 | Reached XP level 27. HP: 132/224 MP: 37/37
108857 | Vaults:5 | XOM: chaos cloud
108867 | Vaults:5 | XOM: harmless Divn miscast
108876 | Vaults:5 | XOM: mild Trmt miscast
108889 | Vaults:5 | XOM: silly message
108920 | Vaults:5 | XOM: mild Fire miscast
108929 | Vaults:5 | XOM: divine lightning (protected)
108950 | Vaults:5 | XOM: fog
108956 | Vaults:5 | XOM: potion effect (agility)
109270 | Vaults:5 | XOM: destruction
109296 | Vaults:5 | XOM: potion effect (heal wounds)
109310 | Vaults:5 | XOM: potion effect (curing)
109320 | Vaults:5 | XOM: divination: detect items
109341 | Vaults:5 | Got a pair of shimmering gloves
109352 | Vaults:5 | Identified the +0 pair of gloves "Riytiedgh" {Str+2} (You acquired it on level 5 of the Vaults)
109436 | Vaults:5 | XOM: harmless Hex miscast
109469 | Vaults:5 | XOM: enchant monster (bad)
109509 | Vaults:5 | XOM: swap monsters
109640 | Vaults:5 | Got a crude plate armour
109641 | Vaults:5 | Identified the cursed +0 plate armour "Vuimpigg" {Regen+ Int+4 Dex-5} (You took it off a vault guard on level 5 of the Vaults)
109824 | Vaults:3 | XOM: potion effect (agility)
110081 | Vaults:1 | XOM: scenery: 2 doors close
110227 | Vaults:4 | Got a smoking shortbow
110237 | Vaults:4 | XOM: summons friendly white imp
110257 | Vaults:4 | XOM: polymorph ice beast -> boggart
110390 | Vaults:4 | XOM: 1-stop teleportation journey
110701 | Vaults:4 | XOM: god gift: 15 gold pieces
110840 | Vaults:5 | XOM: polymorph deep elf death mage -> deep elf death mage
110841 | Vaults:5 | XOM: confuse monster(s)
111054 | Vaults:4 | XOM: god gift: robe {god gift}
111193 | D:13     | XOM: god gift: glowing shield {god gift}
111233 | D:13     | XOM: god gift: dagger {god gift}
111300 | Lair:1   | Learned a level 8 spell: Controlled Blink
111570 | Vaults:5 | Got a dazzling hat
111581 | Vaults:5 | Identified the +0 hat "Ysko" {Str+4 SInv} (You acquired it on level 5 of the Vaults)
111651 | Vaults:5 | XOM: confuse monster(s)
111652 | Vaults:5 | Reached skill level 21 in Fighting
111735 | Vaults:5 | XOM: confuse monster(s)
111945 | Vaults:5 | XOM: medium Erth miscast
111958 | Vaults:5 | Got a silver rune of Zot
112056 | Vaults:5 | Got a warped whip
112126 | Vaults:5 | XOM: chaos upgrade
112206 | Vaults:5 | Identified the cursed +1 whip of Keohenigej {antimagic, Str+4} (You found it on level 5 of the Vaults)
112220 | Vaults:5 | XOM: summons 4 friendly demons
112238 | Vaults:5 | Got a transparent amber ring
112350 | Vaults:3 | XOM: summons 5 hostile shadow creatures
112374 | Vaults:3 | XOM: silly message
112377 | Vaults:3 | XOM: cast spell 'Discord'
112607 | Lair:1   | Identified the ring "Ofuh" {SustAt Slay+5} (You took it off an ironheart preserver on level 5 of the Vaults)
112855 | Vaults:5 | Got a transparent gossamer ring
112857 | Vaults:5 | Identified the ring "Iffodois" {rC+ MP+9} (You took it off an ironbrand convoker on level 5 of the Vaults)
112905 | Vaults:5 | Got a steaming mace
112906 | Vaults:5 | Identified the +2 mace of Watchfulness {flame, rF+ Int+4} (You found it on level 5 of the Vaults)
113038 | Vaults:5 | XOM: swap monsters
113175 | Vaults:5 | XOM: confuse monster(s)
113225 | Vaults:5 | Got a scintillating jade ring
113228 | Vaults:5 | Identified the ring of Maloshrum {Fire MR++ Int+4 Stlth+} (You took it off a tengu reaver on level 5 of the Vaults)
113833 | Vaults:5 | XOM: fake destruction
113993 | Vaults:2 | XOM: scenery: 4 doors close
114111 | D:11     | XOM: god gift: cloak {god gift}
114423 | Zot:1    | Entered Level 1 of the Realm of Zot
114438 | Zot:1    | Reached skill level 1 in Translocations
114638 | Zot:1    | XOM: god gift: 14 gold pieces
114725 | Zot:1    | XOM: vitrification
114821 | Zot:1    | Reached skill level 1 in Spellcasting
114821 | Zot:1    | XOM: confuse monster(s)
114881 | Zot:1    | XOM: 7-stop teleportation journey
114972 | Zot:1    | XOM: swap monsters
115006 | Zot:1    | XOM: smoke on damage
115304 | Zot:1    | XOM: god gift: wand of teleportation {god gift}
115326 | Zot:1    | XOM: divination: detect creatures
115495 | Zot:1    | XOM: mild Necr miscast
115783 | Zot:1    | XOM: harmless Chrm miscast
115789 | Zot:2    | XOM: mild Trmt miscast
115848 | Zot:2    | XOM: cast spell 'Summon Hydra'
115868 | Zot:1    | XOM: summons friendly chaos spawn
115987 | Zot:1    | XOM: 6-stop teleportation journey
116283 | Zot:2    | XOM: scenery: create altars
116490 | Zot:2    | XOM: divination: detect items
116640 | Zot:2    | XOM: mild Pois miscast
116822 | Zot:2    | XOM: harmless Erth miscast
117121 | Zot:3    | XOM: divination: magic mapping
117248 | Zot:3    | XOM: potion effect (agility)
117300 | Zot:3    | XOM: silly message
117480 | Zot:3    | XOM: cast spell 'Ring of Flames'
117520 | Zot:3    | XOM: summons friendly ufetubus
117526 | Zot:3    | XOM: summons 2 friendly demons
117556 | Zot:3    | XOM: cast spell 'Summon Swarm'
117777 | Zot:3    | XOM: scenery: create altars
117842 | Zot:3    | XOM: scenery: create altars
117918 | Zot:3    | XOM: god gift: blue potion
118055 | Zot:3    | XOM: enchant monster (good)
118287 | Zot:4    | Reached skill level 5 in Spellcasting
118323 | Zot:4    | XOM: mild Necr miscast
118431 | Zot:4    | XOM: summons 3 friendly demons
118525 | Zot:4    | XOM: blink monster(s)
118527 | Zot:4    | XOM: harmless Tloc miscast
118742 | Zot:4    | XOM: silly message
118974 | Zot:4    | XOM: summons friendly white imp
118984 | Zot:4    | XOM: polymorph white imp -> iron imp
118984 | Zot:4    | Reached skill level 5 in Translocations
119123 | Zot:4    | XOM: polymorph tentacled monstrosity -> tentacled monstrosity
119132 | Zot:4    | XOM: smoke on damage
119317 | Depths:5 | XOM: repel stairs
119340 | Depths:5 | XOM: harmless Divn miscast
119353 | Depths:5 | XOM: harmless Ice miscast
119430 | Depths:3 | XOM: summons 6 hostile demons
119829 | Depths:5 | XOM: smoke on damage
119831 | Depths:5 | XOM: noise
119884 | Depths:5 | XOM: colour smoke trail
119973 | Zot:5    | Entered Level 5 of the Realm of Zot
120040 | Zot:5    | XOM: enchant monster (bad)
120092 | Zot:5    | XOM: polymorph Orb Guardian -> dire elephant
120199 | Zot:5    | XOM: polymorph storm dragon -> queen ant
120531 | Zot:5    | XOM: confuse monster(s)
120578 | Zot:5    | XOM: fog
120796 | Depths:2 | XOM: mild Divn miscast
120852 | D:15     | XOM: god gift: potion of mutation
121046 | D:14     | XOM: harmless Ice miscast
121347 | Zot:5    | XOM: summons friendly white imp
121383 | Zot:5    | XOM: smoke on damage
121606 | Zot:5    | Noticed an orb of fire
121617 | Zot:5    | XOM: silly message
121627 | Zot:5    | Killed an orb of fire
121657 | Zot:5    | XOM: summons 16 friendly demons
121666 | Zot:5    | XOM: confuse monster(s)
121678 | Zot:5    | XOM: polymorph white imp -> quasit
121763 | Zot:5    | Noticed an ancient lich
121967 | Zot:4    | XOM: harmless Hex miscast
121972 | Zot:4    | XOM: harmless Hex miscast
122468 | Zot:4    | XOM: harmless Chrm miscast
122600 | Zot:5    | XOM: potion effect (curing)
122706 | Zot:5    | XOM: mild Ice miscast
122707 | Zot:5    | XOM: silly message
122709 | Zot:5    | XOM: swap monsters
122727 | Zot:5    | Killed an ancient lich
122746 | Zot:5    | Noticed an ancient lich
122780 | Zot:5    | XOM: 1-stop teleportation journey
122781 | Zot:5    | Noticed an ancient lich
122787 | Zot:5    | XOM: cast spell 'Warp Weapon'
122795 | Zot:5    | XOM: polymorph Orb Guardian -> Orb Guardian
122799 | Zot:5    | Noticed an orb of fire
122803 | Zot:5    | XOM: summons friendly quasit
122816 | Zot:5    | XOM: enchant monster (good)
122823 | Zot:5    | Noticed an orb of fire
123093 | Zot:5    | XOM: summons 2 friendly demons
123102 | Zot:5    | XOM: confuse monster(s)
123108 | Zot:5    | Killed an ancient lich
123215 | Zot:5    | Got a pair of twisted gloves
123226 | Zot:5    | Identified the -4 pair of gloves of Curiosity {rN+++ Str-3 Int+3} (You acquired it on level 5 of the Realm of Zot)
123249 | Zot:5    | Noticed an ancient lich
123255 | Zot:5    | Killed an ancient lich
123280 | Zot:5    | XOM: mild Hex miscast
123311 | Zot:4    | XOM: confuse monster(s)
123321 | Zot:4    | XOM: summons friendly quasit
123945 | Hell     | Entered the Vestibule of Hell
123945 | Hell     | Noticed Geryon
123954 | Hell     | XOM: divination: detect creatures
123963 | Hell     | Killed Geryon
124031 | Depths:1 | XOM: god gift: scroll of enchant weapon
124449 | Depths:1 | XOM: harmless Tloc miscast
124459 | Depths:1 | XOM: cast spell 'Call Canine Familiar'
124595 | Hell     | Found a gateway to the freezing wastes of Cocytus.
124702 | Hell     | XOM: mild Summ miscast
124744 | Hell     | Found a gateway to the decaying netherworld of Tartarus.
124812 | Hell     | Found a gateway to the ashen valley of Gehenna.
124894 | Hell     | Found a gateway to the Iron City of Dis.
124976 | Hell     | XOM: mild Fire miscast
125411 | D:12     | XOM: divination: detect creatures
125640 | Coc:1    | Entered Level 1 of Cocytus
125677 | Coc:1    | XOM: mild Necr miscast
126069 | Coc:3    | XOM: divination: detect creatures
126447 | Coc:2    | XOM: mild Necr miscast
126480 | Coc:3    | XOM: divination: magic mapping
126677 | Coc:3    | XOM: divination: detect items
126817 | Coc:3    | XOM: potion effect (haste)
126825 | Coc:3    | Reached skill level 10 in Spellcasting
126863 | Coc:3    | XOM: scenery: create altars
126959 | Depths:1 | XOM: medium Pois miscast
127020 | D:15     | XOM: harmless Erth miscast
127176 | D:12     | XOM: silly message
127249 | Vaults:1 | XOM: colour smoke trail
127583 | Tomb:1   | Entered Level 1 of the Tomb of the Ancients
127863 | Tomb:1   | XOM: enchant monster (good)
128517 | Coc:2    | Reached skill level 22 in Dodging
128575 | Coc:2    | XOM: cast spell 'Blink'
128657 | Coc:4    | XOM: summons friendly iron imp
128660 | Coc:4    | Noticed an ancient lich
128660 | Coc:4    | XOM: smoke on damage
128664 | Coc:4    | XOM: divination: detect items
128666 | Coc:4    | XOM: summons friendly iron imp
128667 | Coc:4    | XOM: smoke on damage
128670 | Hell     | XOM: summons friendly shadow imp
128673 | Hell     | XOM: confuse monster(s)
128674 | Hell     | XOM: cast spell 'Confusing Touch'
128675 | Hell     | XOM: summons friendly iron imp
128676 | Hell     | Killed an ancient lich
128876 | Hell     | XOM: vitrification
129143 | Coc:4    | XOM: enchant monster (good)
129182 | Hell     | XOM: god gift: flail {god gift}
129221 | Hell     | XOM: mild Air miscast
129381 | Coc:4    | Reached skill level 10 in Translocations
129434 | Coc:4    | XOM: confuse monster(s)
129459 | Coc:4    | XOM: 2-stop teleportation journey
129463 | Coc:4    | XOM: enchant monster (good)
129480 | Coc:4    | XOM: enchant monster (good)
129485 | Coc:4    | XOM: cast spell 'Summon Hydra'
129570 | Coc:5    | XOM: enchant monster (bad)
129571 | Coc:5    | XOM: fake destruction
129576 | Coc:5    | XOM: medium Erth miscast
129587 | Coc:5    | XOM: 4-stop teleportation journey
129609 | Coc:5    | XOM: harmless Air miscast
129756 | Coc:5    | XOM: fake destruction
129859 | Coc:6    | XOM: silly message
129880 | Coc:7    | Entered Level 7 of Cocytus
130511 | Coc:3    | XOM: enchant monster (good)
130650 | Coc:6    | XOM: noise
131022 | Coc:6    | XOM: confuse monster(s)
131128 | Hell     | XOM: harmless Summ miscast
131444 | Hell     | XOM: god gift: potion of heal wounds
131467 | Coc:1    | XOM: confuse monster(s)
131816 | Coc:1    | XOM: harmless Tloc miscast
131930 | Coc:5    | XOM: enchant monster (good)
132041 | Coc:7    | XOM: harmless Erth miscast
132173 | Coc:7    | XOM: summons friendly crimson imp
132177 | Coc:7    | XOM: blink monster(s)
132180 | Coc:7    | XOM: god gift: 6 exploding tomahawks
132182 | Coc:7    | XOM: confuse monster(s)
132207 | Coc:7    | XOM: summons 5 friendly demons
132242 | Coc:7    | XOM: mild Trmt miscast
132434 | Coc:7    | XOM: god gift: 330 gold pieces
132497 | Coc:7    | XOM: confuse monster(s)
132505 | Coc:7    | XOM: potion effect (might)
132589 | Coc:7    | XOM: silly message
132623 | Coc:7    | XOM: silly message
132675 | Coc:7    | Noticed the Serpent of Hell
132681 | Coc:7    | XOM: potion effect (agility)
132690 | Coc:7    | XOM: silly message
132692 | Coc:7    | XOM: potion effect (invisibility)
132703 | Coc:7    | XOM: silly message
132703 | Coc:7    | Killed the Serpent of Hell
132796 | Coc:7    | XOM: harmless Fire miscast
132843 | Coc:7    | XOM: divination: detect creatures
133321 | Hell     | XOM: mild Divn miscast
133387 | Coc:1    | XOM: confuse monster(s)
133426 | Coc:2    | XOM: confuse monster(s)
133434 | Coc:2    | XOM: divination: detect creatures
133438 | Coc:2    | XOM: noise
133492 | Coc:5    | XOM: potion effect (invisibility)
133514 | Coc:5    | XOM: divination: magic mapping
133624 | Coc:7    | XOM: summons friendly crimson imp
133670 | Coc:7    | Reached skill level 23 in Dodging
133719 | Coc:7    | XOM: potion effect (might)
133740 | Coc:7    | XOM: potion effect (agility)
133826 | Coc:7    | XOM: cast spell 'Olgreb's Toxic Radiance'
133857 | Coc:7    | XOM: enchant monster (good)
134062 | Coc:7    | XOM: colour smoke trail
134156 | Coc:7    | XOM: potion effect (curing)
134197 | Coc:7    | Got a translucent plate armour
134210 | Coc:7    | Identified the cursed +0 plate armour of the Eternal Void {MR+} (You found it on level 7 of Cocytus)
134215 | Coc:7    | XOM: scenery: 1 doors close
134450 | Coc:7    | XOM: potion effect (invisibility)
134525 | Coc:7    | XOM: swap monsters
134529 | Coc:7    | XOM: confuse monster(s)
134534 | Coc:7    | Noticed Antaeus
134538 | Coc:7    | XOM: potion effect (haste)
134634 | Coc:7    | Killed Antaeus
134648 | Coc:7    | HP: 7/228 [shard shrike/shard of ice (40)]
134648 | Coc:7    | Xom revived you
135030 | Coc:7    | XOM: divination: detect creatures
135191 | Coc:7    | XOM: divination: detect creatures
135257 | Coc:7    | XOM: enchant monster (good)
135334 | Coc:7    | XOM: confuse monster(s)
135400 | Hell     | XOM: fake destruction
135623 | Hell     | XOM: divination: detect creatures
135806 | Coc:2    | XOM: noise
135823 | Coc:2    | XOM: enchant monster (good)
136010 | Coc:7    | XOM: silly message
136080 | Coc:7    | XOM: chaos upgrade
136159 | Depths:1 | XOM: colour smoke trail
136167 | Depths:1 | XOM: stat loss: -1 Str (36/37)
136419 | D:11     | XOM: severe Conj miscast
136642 | Depths:1 | XOM: colour smoke trail
136704 | Coc:1    | Reached skill level 15 in Spellcasting
136876 | Coc:2    | XOM: polymorph blizzard demon -> cacodemon
137064 | Coc:7    | XOM: mild Necr miscast
137111 | Coc:7    | XOM: mild Chrm miscast
137172 | Coc:7    | XOM: noise
137175 | Coc:7    | XOM: potion effect (might)
137213 | Coc:7    | XOM: divination: detect creatures
137242 | Coc:7    | Got a dazzling bardiche
137244 | Coc:7    | Got an icy rune of Zot
137365 | Coc:7    | XOM: divination: detect creatures
137434 | Depths:1 | XOM: potion effect (curing)
137480 | Depths:1 | XOM: scenery: 2 doors close
137665 | Lair:1   | Identified the +8 bardiche of Opiwut {freeze, rPois Str+5 Int+3 Stlth-} (You found it on level 7 of Cocytus)
137671 | Lair:1   | Identified the +6 shortbow "Calurosch" {velocity, rPois} (You took it off an orc knight on level 4 of the Vaults)
137889 | Depths:1 | XOM: divination: detect creatures
138400 | Coc:1    | XOM: divination: magic mapping
138849 | Coc:2    | XOM: silly message
138867 | Coc:2    | XOM: silly message
138921 | Coc:2    | XOM: divination: detect creatures
138988 | Coc:2    | XOM: confuse monster(s)
139025 | Coc:2    | XOM: potion effect (brilliance)
139134 | Coc:2    | XOM: harmless Air miscast
139309 | Coc:2    | XOM: divination: detect creatures
139352 | Coc:2    | XOM: silly message
139477 | Coc:3    | Reached skill level 24 in Dodging
139626 | Coc:3    | Reached skill level 15 in Translocations
139741 | Coc:3    | XOM: polymorph shard shrike -> titan
139771 | Coc:3    | XOM: mild Pois miscast
139839 | Coc:3    | XOM: summons 1 hostile demon
140085 | Coc:4    | XOM: divination: magic mapping
140128 | Coc:4    | XOM: potion effect (agility)
140323 | Coc:4    | XOM: fog
140569 | Coc:5    | XOM: scenery: create altars
140593 | Coc:5    | XOM: potion effect (heal wounds)
140889 | Coc:5    | XOM: swap monsters
140947 | Coc:5    | XOM: fog
140951 | Coc:5    | XOM: swap monsters
141084 | Coc:5    | XOM: god gift: 8 stones
141377 | Coc:5    | XOM: 8-stop teleportation journey
142431 | Coc:5    | XOM: harmless Summ miscast
142518 | Coc:5    | XOM: potion effect (haste)
142897 | Coc:1    | XOM: harmless Hex miscast
143202 | Coc:1    | XOM: potion effect (invisibility)
143270 | Coc:1    | XOM: silly message
143840 | Coc:1    | XOM: potion effect (heal wounds)
143940 | Coc:1    | XOM: harmless Necr miscast
144187 | Coc:1    | XOM: summons friendly ufetubus
144442 | Coc:1    | XOM: colour smoke trail
144593 | Coc:1    | XOM: mild Hex miscast
144714 | Coc:1    | XOM: chaos cloud
144720 | Coc:1    | Paralysed by you for 3 turns
144721 | Coc:1    | XOM: mild Necr miscast
144722 | Coc:1    | XOM: harmless Fire miscast
144936 | Coc:1    | XOM: swap monsters
144941 | Coc:1    | XOM: harmless Ice miscast
145169 | Coc:1    | XOM: summons friendly iron imp
145179 | Coc:1    | XOM: cast spell 'Shadow Creatures'
145190 | Coc:1    | XOM: cast spell 'Conjure Ball Lightning'
145275 | Coc:1    | XOM: god gift: 2 fruits
145415 | Coc:1    | XOM: harmless Tloc miscast
145505 | Coc:1    | XOM: vitrification
145651 | Coc:1    | XOM: polymorph ice dragon -> satyr
145809 | Coc:1    | XOM: enchant monster (good)
145963 | Coc:1    | XOM: 5-stop teleportation journey
145991 | Coc:1    | XOM: god gift: halberd {god gift}
146328 | Coc:1    | XOM: god gift: 7 curare-tipped needles
146602 | Coc:2    | XOM: swap monsters
146714 | Depths:1 | XOM: god gift: wand of heal wounds {god gift}
147167 | Coc:1    | XOM: vitrification
147298 | Coc:1    | XOM: polymorph Ice Fiend -> Brimstone Fiend
147301 | Coc:1    | XOM: swap monsters
147346 | Coc:1    | XOM: confuse monster(s)
147458 | Coc:1    | XOM: god gift: thin smoking staff {god gift}
147491 | Coc:1    | XOM: confuse monster(s)
147801 | Coc:1    | XOM: summons 1 hostile shadow creature
148139 | Coc:1    | XOM: harmless Hex miscast
148197 | Coc:1    | XOM: noise
148212 | Coc:1    | XOM: medium Trmt miscast
148299 | Coc:1    | XOM: harmless Ice miscast
148397 | Coc:1    | XOM: medium Hex miscast
148437 | Coc:1    | XOM: mild Summ miscast
148707 | Coc:1    | XOM: noise
148956 | Coc:1    | XOM: noise
149352 | Coc:1    | XOM: repel stairs
149388 | Coc:1    | XOM: summons 3 hostile shadow creatures
149552 | Coc:1    | XOM: mild Summ miscast
149582 | Coc:1    | XOM: potion effect (might)
149775 | Coc:1    | XOM: mild Hex miscast
149863 | Coc:1    | XOM: divination: detect creatures
149968 | Coc:1    | XOM: silly message
150344 | Coc:1    | XOM: harmless Necr miscast
150495 | Coc:1    | Noticed a juggernaut
150495 | Coc:1    | a shard shrike changed into a juggernaut
150495 | Coc:1    | XOM: polymorph shard shrike -> juggernaut
150498 | Coc:1    | XOM: enchant monster (bad)
150505 | Coc:1    | XOM: fake destruction
150508 | Coc:1    | Killed a juggernaut
150698 | Coc:1    | XOM: noise
150913 | Coc:1    | XOM: 6-stop teleportation journey
150917 | Coc:1    | XOM: potion effect (might)
151112 | Coc:1    | XOM: vitrification
151256 | Coc:1    | XOM: confuse monster(s)
151258 | Coc:1    | XOM: swap monsters
151644 | Coc:1    | XOM: destruction
151716 | Coc:1    | XOM: medium Chrm miscast
151855 | Coc:1    | XOM: polymorph Ice Fiend -> Shadow Fiend
152240 | Coc:1    | XOM: god gift: glowing falchion {god gift}
152417 | Coc:1    | XOM: vitrification
152422 | Coc:1    | XOM: confuse monster(s)
152428 | Coc:1    | XOM: enchant monster (good)
152556 | Coc:1    | XOM: fog
152560 | Coc:1    | XOM: god gift: scroll of random uselessness
152566 | Coc:1    | XOM: confuse monster(s)
152726 | Coc:1    | XOM: enchant monster (good)
152727 | Coc:1    | XOM: medium Conj miscast
152833 | Coc:1    | XOM: vitrification
153237 | Coc:1    | XOM: god gift: 55 gold pieces
153295 | Coc:1    | XOM: summons friendly iron imp
153711 | Coc:1    | XOM: divination: detect creatures
153751 | Coc:1    | XOM: fog
153764 | Coc:1    | XOM: god gift: ring of wizardry {god gift}
153814 | Coc:1    | XOM: cast spell 'Summon Hydra'
153937 | Depths:1 | XOM: medium Hex miscast
154285 | D:4      | Bought a scroll of magic mapping for 77 gold pieces
154530 | Orc:4    | Bought a scroll of identify for 34 gold pieces
154530 | Orc:4    | Bought a scroll of identify for 34 gold pieces
154530 | Orc:4    | Bought a scroll of enchant armour for 127 gold pieces
154530 | Orc:4    | Bought a scroll of identify for 34 gold pieces
154530 | Orc:4    | Bought a scroll of identify for 34 gold pieces
154925 | Depths:5 | XOM: harmless Hex miscast
155007 | Zot:2    | XOM: divination: detect creatures
155122 | Zot:5    | XOM: potion effect (curing)
155129 | Zot:5    | Killed an ancient lich
155195 | Zot:5    | Killed an orb of fire
155281 | Zot:5    | XOM: god gift: falchion {god gift}
155491 | Zot:5    | XOM: scenery: 1 doors close
155523 | Zot:4    | XOM: summons 3 hostile demons
155987 | Coc:1    | XOM: god gift: droning book {god gift}
155988 | Coc:1    | Identified Xom's Volume of Compression (Xom gifted it to you on level 1 of Cocytus)
156037 | Coc:1    | XOM: divination: detect creatures
156083 | Coc:1    | XOM: noise
156107 | Coc:1    | XOM: harmless Summ miscast
156239 | Coc:1    | XOM: potion effect (agility)
156330 | Coc:1    | XOM: silly message
156357 | Coc:1    | XOM: potion effect (haste)
156419 | Coc:1    | XOM: colour smoke trail
156441 | Coc:1    | XOM: harmless Summ miscast
156602 | Coc:1    | XOM: noise
156702 | Coc:1    | XOM: enchant monster (good)
157495 | Zot:5    | XOM: silly message
157515 | Zot:5    | XOM: potion effect (might)
157546 | Zot:5    | XOM: mild Chrm miscast
157547 | Zot:5    | XOM: silly message
157579 | Zot:5    | XOM: enchant monster (bad)
157645 | Zot:5    | XOM: noise
157651 | Zot:5    | XOM: 2-stop teleportation journey
157687 | Zot:5    | XOM: harmless Hex miscast
157692 | Zot:5    | XOM: mild Hex miscast
157783 | Zot:2    | XOM: stat loss: -1 Int (10/11)
158150 | Coc:1    | XOM: colour smoke trail
158395 | Coc:1    | XOM: harmless Pois miscast
158554 | Coc:1    | XOM: medium Erth miscast
158579 | Coc:1    | XOM: harmless Pois miscast
158619 | Coc:1    | XOM: polymorph Ice Fiend -> Brimstone Fiend
158623 | Coc:1    | XOM: potion effect (might)
158625 | Coc:1    | XOM: confuse monster(s)
158723 | Coc:1    | XOM: silly message
159413 | Depths:5 | XOM: scenery: 1 doors close
159426 | Zot:1    | XOM: scenery: 1 doors close
159550 | Zot:5    | XOM: confuse monster(s)
159562 | Zot:5    | XOM: butterfly on damage
159563 | Zot:5    | XOM: potion effect (heal wounds)
159595 | Zot:5    | Killed an orb of fire
159768 | Depths:5 | XOM: silly message
159979 | Lair:1   | Learned a level 6 spell: Haste
160305 | Coc:1    | XOM: silly message
160459 | Coc:1    | XOM: cast spell 'Confusing Touch'
160476 | Coc:1    | XOM: potion effect (agility)
160485 | Coc:1    | XOM: swap monsters
160493 | Coc:1    | XOM: mild Divn miscast
160772 | Coc:1    | XOM: enchant monster (bad)
161455 | Zot:5    | Reached skill level 1 in Charms
161556 | Zot:5    | XOM: harmless Chrm miscast
161560 | Zot:5    | XOM: harmless Erth miscast
161566 | Zot:5    | XOM: divination: detect creatures
161581 | Zot:5    | XOM: potion effect (brilliance)
161588 | Zot:5    | XOM: confuse monster(s)
162206 | Zot:5    | XOM: colour smoke trail
162249 | Zot:5    | XOM: medium Trmt miscast
162258 | Zot:5    | XOM: silly message
162268 | Zot:5    | XOM: confuse monster(s)
162329 | Zot:5    | XOM: blink monster(s)
162390 | Zot:5    | Noticed an orb of fire
162394 | Zot:5    | XOM: divination: detect creatures
162424 | Zot:5    | XOM: mild Chrm miscast
162429 | Zot:5    | XOM: noise
162438 | Zot:5    | XOM: silly message
162445 | Zot:5    | Killed an orb of fire
162538 | Zot:4    | XOM: noise
162549 | Zot:3    | XOM: stat loss: -1 Dex (14/15)
162931 | Coc:1    | XOM: severe Summ miscast
162937 | Coc:1    | XOM: harmless Trmt miscast
162998 | Coc:1    | XOM: summons 3 hostile demons
163141 | Coc:1    | XOM: harmless Fire miscast
163171 | Coc:1    | XOM: harmless Summ miscast
163226 | Coc:1    | Reached skill level 5 in Charms
163345 | Coc:1    | XOM: harmless Fire miscast
163421 | Coc:1    | XOM: medium Ice miscast
163431 | Coc:1    | XOM: medium Divn miscast
163787 | Coc:1    | XOM: harmless Summ miscast
163801 | Coc:1    | XOM: polymorph shard shrike -> titan
163803 | Coc:1    | XOM: blink monster(s)
163926 | Coc:1    | XOM: cast spell 'Dispersal'
164069 | Coc:1    | XOM: cast spell 'Dispersal'
164075 | Coc:1    | XOM: enchant monster (good)
164076 | Coc:1    | XOM: summons friendly chaos spawn
164389 | Zot:4    | XOM: god gift: double sword {god gift}
164717 | Zot:2    | XOM: god gift: scroll of recharging
165092 | D:10     | Noticed a hell knight
165100 | D:10     | Killed a hell knight
165110 | D:10     | Noticed a hell knight
165113 | D:10     | Noticed a hell knight
165117 | D:10     | Noticed a hell knight
165120 | D:10     | Noticed a hell knight
165120 | D:10     | Killed a hell knight
165120 | D:10     | Noticed a hell knight
165128 | D:10     | XOM: destruction
165133 | D:10     | XOM: destruction
165148 | D:10     | Killed a hell knight
165153 | D:10     | Killed a hell knight
165165 | D:10     | Killed a hell knight
165167 | D:10     | Killed a hell knight
165181 | D:10     | Noticed a hell knight
165192 | D:10     | Killed a hell knight
165371 | D:3      | Killed an orc warrior
165565 | D:6      | XOM: god gift: inconspicuous book {god gift}
165566 | D:6      | Identified Giorarha's Catalogue of Companions and the Voyage (Xom gifted it to you on level 6 of the Dungeon)
165709 | Lair:1   | XOM: god gift: scroll of recharging
166144 | Zot:5    | Got the Orb of Zot
166195 | Zot:5    | XOM: enchant monster (bad)
166198 | Zot:5    | XOM: summons friendly white imp
166271 | Zot:2    | XOM: blink monster(s)
166343 | Depths:5 | XOM: enchant monster (bad)
166352 | Depths:4 | XOM: blink monster(s)
166411 | Depths:1 | XOM: swap monsters
166520 | D:13     | XOM: summons 2 friendly demons
166729 | D:3      | XOM: harmless Hex miscast
166783 | D:$      | Escaped with the Orb!

Action                   |  1- 3 |  4- 6 |  7- 9 | 10-12 | 13-15 | 16-18 | 19-21 | 22-24 | 25-27 || total
-------------------------+-------+-------+-------+-------+-------+-------+-------+-------+-------++-------
Melee: War axe           |    58 |   162 |       |       |  1099 |  2020 |  1370 |       |       ||  4709
       Dagger            |       |   139 |   711 |  1035 |       |     8 |       |       |       ||  1893
       Hand axe          |       |       |    34 |    18 |       |       |       |       |       ||    52
       Long sword        |       |       |       |   400 |  1644 |    16 |    40 |       |       ||  2100
       Mace              |       |       |       |       |    60 |       |       |       |       ||    60
       Rapier            |       |       |       |       |       |   340 |    98 |    30 |       ||   468
       Demon trident     |       |       |       |       |       |   253 |   170 |    69 |       ||   492
       Flail             |       |       |       |       |       |     1 |       |       |       ||     1
       Rod               |       |       |       |       |       |     1 |     1 |       |     1 ||     3
       Trident           |       |       |       |       |       |       |    32 |     4 |    25 ||    61
       Broad axe         |       |       |       |       |       |       |   312 |  2292 |  8577 || 11181
       Unarmed           |       |       |       |       |       |       |       |       |     1 ||     1
 Fire: Hunting sling     |    43 |    26 |    28 |    39 |    23 |       |       |       |       ||   159
       Blowgun           |       |       |       |       |     8 |     3 |     5 |       |       ||    16
Throw: Javelin           |       |       |       |     2 |     2 |     8 |       |       |       ||    12
       Tomahawk          |       |       |       |       |       |       |       |     1 |       ||     1
 Cast: Controlled Blink  |       |       |       |       |       |       |       |       |     2 ||     2
 Abil: Evoke Invisibilit |       |       |       |       |       |       |     9 |     5 |     9 ||    23
       Evoke Blink       |       |       |       |       |       |       |       |       |    37 ||    37
       Evoke Flight      |       |       |       |       |       |       |       |       |    10 ||    10
Evoke: Deck              |       |       |     1 |     9 |    16 |     9 |     4 |     2 |    28 ||    69
       Wand              |       |       |       |    30 |    52 |    14 |    64 |    12 |    75 ||   247
       Rod               |       |       |       |       |    27 |   222 |   321 |   318 |   683 ||  1571
       Lamp of fire      |       |       |       |       |     4 |     3 |     2 |     1 |     6 ||    16
       Sack of spiders   |       |       |       |       |       |       |    11 |     5 |    28 ||    44
       Fan of gales      |       |       |       |       |       |       |     1 |       |     7 ||     8
       Stone of tremors  |       |       |       |       |       |       |       |     1 |     1 ||     2
       Disc of storms    |       |       |       |       |       |       |       |     3 |     3 ||     6
       Horn of Geryon    |       |       |       |       |       |       |       |       |     9 ||     9
       Phial of floods   |       |       |       |       |       |       |       |       |     9 ||     9
       Phantom mirror    |       |       |       |       |       |       |       |       |     1 ||     1
  Use: Scroll            |       |       |     6 |    16 |    17 |    21 |    40 |    17 |    65 ||   182
 Stab: Confused          |       |       |     2 |    16 |     8 |    10 |    22 |     6 |    31 ||    95
       Invisible         |       |       |     6 |       |     7 |       |    29 |    19 |    48 ||   109
       Distracted        |       |       |     1 |     2 |     6 |     5 |     1 |     5 |    15 ||    35
       Paralysed         |       |       |       |     5 |     6 |     5 |     2 |     6 |     9 ||    33
       Held in net/web   |       |       |       |       |       |       |     1 |       |       ||     1
       Petrified         |       |       |       |       |       |       |     7 |       |     5 ||    12
       Petrifying        |       |       |       |       |       |       |     1 |       |     2 ||     3
